 Dungeon Crawl Stone Soup version 0.31-a0-978-g1e143483b6 (webtiles) character file.

Game seed: 8555043631262805774

623975 Xavori the Tortoise (level 27, 32/182 HPs)
             Began as a Djinni Chaos Knight on Oct 30, 2023.
             Was a Favourite Plaything of Xom.
             Quit the game on level 11 of a ziggurat.
             The game lasted 02:10:11 (60049 turns).

Xavori the Tortoise (Djinni Chaos Knight)          Turns: 60049, Time: 02:10:11

Health: 32/182     AC: 33    Str:  5 (7)  XL:     27
Gold:   3829       EV: 22    Int: 27      God:    Xom [...*..] SH: 33 Dex: 42 (44)

rFire   + + +        K - +9 double sword (flame)
rCold   + + .        Q - +8 tower shield {reflect}
rNeg    + + .        k - +6 ice dragon scales of Otoc {rF- rC++ Int+6 Dex+4}
rPois   ∞            I - +2 hat
rElec   +            s - +1 cloak of Articulation {rF+ Will+}
rCorr   +            q - +0 pair of fencer's gloves {Riposte Dex+3}
SInv    .            (boots unavailable)
Will    +++++        S - amulet of Liolen {rElec rN+ Will+ Regen+ Stlth+}
Stlth   ++           Z - ring of the Death Scarab {rC+ rN+ rCorr Dex+5}
HPRegen 1.30/turn    R - ring "Loghe" {*Corrode rF+ EV+5 Slay+4}
MPRegen 0.00/turn

%: random rage (3%), corrode self (3%), reflection
@: agile, flying, slowed, studying Throwing, very slow
A: sickness immunity, fire resistance 2, cold vulnerability 1, float, innate
caster, HP casting, extra vitality 1, iridescent scales 1, agile 2, berserk 1,
clever 2, frail 1, strong-willed 1, shaggy fur 1, wild magic 3, inability to
read after injury 1, MP-powered wands, noise suppression
}: 4/15 runes: decaying, serpentine, slimy, silver
a: Renounce Religion


You were on level 11 of a ziggurat.
You worshipped Xom.
You were a favourite toy of Xom.
You visited 13 branches of the dungeon, and saw 53 of its levels.
You visited 1 ziggurat, and saw 11 of its levels.
You also visited: Trove and Bailey.

You collected 11733 gold pieces.
You spent 7904 gold pieces at shops.

Inventory:

Hand Weapons
 z - a +4 scimitar of holy wrath
 K - a +9 double sword of flaming (weapon)
Armour
 k - the +6 ice dragon scales of Otoc (worn) {rF- rC++ Int+6 Dex+4}
   (You bought it in a shop on level 8 of the Dungeon)

   Int+6:     It affects your intelligence (+6).
   Dex+4:     It affects your dexterity (+4).
   rF-:       It makes you vulnerable to fire.
   rC++:      It greatly protects you from cold.
 q - the +0 pair of fencer's gloves (worn) {Riposte Dex+3}
   (You bought it in a shop on level 8 of the Dungeon)

   Riposte:   It allows the wearer to riposte with melee weapons, swiftly
   retaliating against missed or blocked melee attacks.
   Dex+3:     It affects your dexterity (+3).
 s - the +1 cloak of Articulation (worn) {rF+ Will+}
   (You found it on level 12 of the Dungeon)

   rF+:       It protects you from fire.
   Will+:     It increases your willpower.
 I - a +2 hat (worn)
 L - the +5 robe of Night {Dark Will+ SInv}
   (You found it on level 10 of a ziggurat)

   Dark:      It shrouds the wearer in darkness, reducing the range at which
   they can see and be seen by others.
   Will+:     It increases your willpower.
   SInv:      It lets you see invisible.
 M - a +2 tower shield of resistance
 O - the +1 pair of gloves of a Labyrinth {rElec rC+ Dex+3}
   (You acquired it on level 3 of the Vaults)

   Dex+3:     It affects your dexterity (+3).
   rC+:       It protects you from cold.
   rElec:     It insulates you from electricity.
 Q - a +8 tower shield of reflection (worn)
Jewellery
 b - the amulet of Vitality {RegenMP++ Regen++}
   (You found it on level 10 of a ziggurat)

   [amulet of magic regeneration]

   RegenMP:   It increases your rate of magic regeneration.
   Regen++:   It increases your rate of health regeneration.
 D - the ring "Sagohudgh" {rC+ Will- rCorr Int+4 Dex+6}
   (You found it on level 5 of the Vaults)

   [ring of dexterity]

   Int+4:     It affects your intelligence (+4).
   Dex+6:     It affects your dexterity (+6).
   rC+:       It protects you from cold.
   Will-:     It decreases your willpower.
   rCorr:     It protects you from acid and corrosion.
 H - a ring of the Octopus King {rN+ HP+2 AC+2 EV+2 SH+2}
   (You found it on level 5 of the Pits of Slime)

   [ring of positive energy]

   AC+2:      It affects your AC (+2).
   EV+2:      It affects your evasion (+2).
   rN+:       It protects you from negative energy.
   HP+2:      It affects your health (+2).
   SH+2:      It affects your SH (+2).
 R - the ring "Loghe" (right hand) {*Corrode rF+ EV+5 Slay+4}
   (Xom gifted it to you on level 7 of the Dungeon)

   [ring of evasion]

   EV+5:      It affects your evasion (+5).
   Slay+4:    It affects your accuracy & damage with ranged weapons and melee
   (+4).
   rF+:       It protects you from fire.
   *Corrode:  It may corrode you when you take damage.
 S - the amulet of Liolen (around neck) {rElec rN+ Will+ Regen+ Stlth+}
   (You found it on level 3 of the Crypt)

   [amulet of regeneration]

   rElec:     It insulates you from electricity.
   rN+:       It protects you from negative energy.
   Will+:     It increases your willpower.
   Regen+:    It increases your rate of health regeneration.
   Stlth+:    It makes you more stealthy.
 T - the ring "Beluoke" {rPois Will+ Int+6}
   (You found it on level 5 of the Pits of Slime)

   [ring of intelligence]

   Int+6:     It affects your intelligence (+6).
   rPois:     It protects you from poison Will+: It increases your willpower.
 Z - the ring of the Death Scarab (left hand) {rC+ rN+ rCorr Dex+5}
   (You found it on level 3 of the Crypt)

   [ring of positive energy]

   Dex+5:     It affects your dexterity (+5).
   rC+:       It protects you from cold.
   rN+:       It protects you from negative energy.
   rCorr:     It protects you from acid and corrosion.
Talismans
 B - a granite talisman
Wands
 n - a wand of roots (61)
 A - a wand of quicksilver (7)
 C - a wand of mindburst (57)
 E - a wand of paralysis (64)
 G - a wand of polymorph (47)
 W - a wand of digging (35)
Scrolls
 a - a scroll of silence
 c - 2 scrolls of butterflies
 f - 11 scrolls of poison
 g - 2 scrolls of blinking
 h - 20 scrolls of teleportation
 l - 12 scrolls of immolation
 m - 10 scrolls of revelation
 p - a scroll of brand weapon
 r - 8 scrolls of enchant armour
 v - 13 scrolls of fog
 x - 5 scrolls of fear
 P - 15 scrolls of enchant weapon
Potions
 d - 8 potions of lignification
 e - 4 potions of ambrosia
 i - 6 potions of haste
 j - 10 potions of curing
 o - 9 potions of enlightenment
 u - 8 potions of berserk rage
 w - 5 potions of cancellation
 F - 3 potions of invisibility
 J - 8 potions of resistance
 N - 4 potions of mutation
 U - 4 potions of might
 V - 8 potions of heal wounds
Miscellaneous
 t - a phial of floods
 y - a sack of spiders
 X - a phantom mirror
 Y - a lightning rod (4/4)


   Skills:
 + Level 19.5 Fighting
 + Level 19.0 Long Blades
 + Level 20.7 Armour
 - Level 18.1 Dodging
 - Level 13.0 Shields
 * Level 17.6 Spellcasting
 * Level 17.6 Conjurations
 * Level 17.6 Hexes
 * Level 17.6 Summonings
 * Level 17.6 Necromancy
 * Level 17.6 Translocations
 * Level 17.6 Transmutations
 * Level 17.6 Fire Magic
 * Level 17.6 Ice Magic
 * Level 17.6 Air Magic
 * Level 17.6 Earth Magic
 * Level 17.6 Poison Magic
 - Level 7.1 Evocations
 + Level 17.2 Shapeshifting


You knew the following spells:

 Your Spells              Type           Power      Damage    Failure   Level
a - Summon Small Mammal   Summ           100%       N/A       3%          1
b - Blink                 Tloc           100%       N/A       4%          2
c - Poisonous Vapours     Pois/Air       100%       N/A       4%          2
d - Manifold Assault      Tloc           100%       N/A       11%         4
e - Metabolic Englaciati  Hex/Ice        61%        N/A       21%         5
f - Arcjolt               Conj/Air       61%        1d71      21%         5
g - Simulacrum            Ice/Necr       61%        N/A       61%         6
h - Starburst             Conj/Fire      61%        6d16      61%         6
i - Conjure Ball Lightni  Conj/Air       61%        3x3d22    61%         6
j - Borgnjor's Revivific  Necr           61%        N/A       100%        8
k - Ignition              Fire           61%        3d17      100%        8
l - Polar Vortex          Ice            61%        12d8*     100%        9
m - Fire Storm            Conj/Fire      61%        8d16      100%        9
Your spell library was empty.


Dungeon Overview and Level Annotations

Branches:
Dungeon (15/15)            Temple (0/1) D:7            Lair (5/5) D:9
  Swamp (4/4) Lair:2        Snake (4/4) Lair:2        Slime (5/5) Lair:5
    Orc (2/2) D:11            Elf (3/3) Orc:2        Vaults (5/5) D:13
  Crypt (3/3) Vaults:2       Tomb (0/3) Crypt:3      Depths (4/4) D:15
   Hell (visited)             Dis (0/7) Hell            Geh (0/7) Hell
    Coc (1/7) Hell            Tar (0/7) Hell            Zot (1/5) Depths:4
 Bailey (visited)

Altars:
Fedhas
Hepliaklqana
Makhleb
Nemelex Xobeh
Ru
Trog
Xom
Yredelemnul
Jiyva
Lugonu

Shops:
D:1 *   D:5 :   D:7 *   D:8 ([:*[(   D:15 ((?   Orc:1 !   Orc:2 [[([((=:!
Elf:3 *[   Vaults:4 *!!   Depths:3 [   Depths:4 *

Portals:
Hell: Lair:5 Depths:1 Depths:2 Depths:3 Depths:4
Abyss: Depths:3
Pandemonium: Depths:2

Annotations:
Swamp:4 exclusion: 3 oklob plants


Innate Abilities, Weirdness & Mutations

You are immune to sickness and miasma.
You are immune to poison.
Your flesh is very heat resistant. (rF++)
You are vulnerable to cold. (rC-)
You float through the air rather than walking.
You learn spells naturally, not from books.
Your magical power is your life essence.
You have superior vitality. (+4 MHP)
You are partially covered in iridescent scales. (AC +2)
You are very agile. (Dex +8, Str/Int -2)
You sometimes lose your temper in combat.
Your mind is very acute. (Int +8, Str/Dex -2)
You are frail. (-10% HP)
You are strong-willed. (Will+)
You are covered in fur. (AC +1)
Your spells are much harder to cast, but much more powerful.
You occasionally lose the ability to read scrolls when taking damage.
You expend health (3 HP) to strengthen your wands.
You passively dampen the noise of your surroundings.


Message History

The Killer Klown is moderately wounded.
Your hearing returns.
The bunyip changes into a slime creature!
You block the Killer Klown's attack.
You block the brown very ugly thing's attack.
You block the Killer Klown's attack.
An apocalypse crab comes into view.
The chaos spawn closely misses you.
The brown very ugly thing completely misses you.
The Killer Klown blinks!
Unknown command.
Blink to where?
Press: ? - help, Dir - move target, f - you
Okay, then.
You slice the minotaur!! You burn the minotaur.
The minotaur is moderately wounded.
The slime creature changes into a glowing shapeshifter!
The glowing shapeshifter changes into an orb spider!
You block the brown very ugly thing's attack.
You riposte.
You slice the brown very ugly thing like a ripe choko!!!
You burn the brown very ugly thing.
The brown very ugly thing is severely wounded.
The Killer Klown blinks!
You block the chaos spawn's attack. The minotaur hits you.
* * * LOW HITPOINT WARNING * * *
The minotaur gores you but does no damage.
The brown very ugly thing basks in the mutagenic energy from its kin and changes!
The chaos spawn ululates chillingly with its many mouths.
You block the chaos spawn's attack.
You riposte.
You hit the chaos spawn but do no damage.
The apocalypse crab misses you. x2; The minotaur hits you!
* * * LOW HITPOINT WARNING * * *
You block the minotaur's attack.
You riposte.
You closely miss the minotaur.
The minotaur is moderately wounded.
Unknown command.
Unknown command.
Unknown command.
Okay, then.
Are you sure you want to abandon this character and quit the game? (Confirm with "yes".)

▓▓▓ ▓▓▓▓▓▓.▓▓▓▓▓▓
▓▓H..........▓▓
▓▓▓@4tp.........▓
▓▓uu#t..........#
▓..)##t........##..
▓▓.....p............
▓.....D...t.........
▓........s.........[
▓▓...p.............?p
▓..∩...............)t
▓▓.................|t


You could see 3 Killer Klowns, an alligator snapping turtle, a purple very ugly
thing (fast), a minotaur, a purple ugly thing, 3 apocalypse crabs, an orb spider
shaped shifter and a chaos spawn.

Vanquished Creatures
  the Royal Jelly (Slime:5)
  5 dread liches
  An ancient lich (Zot:1)
  3 orbs of fire
  Mara (Vaults:5)
  Mennas (Vaults:5)
  A pandemonium lord (Zig:9)
  A royal mummy (Zig:5)
  Vv (Crypt:1)
  Saint Roka (Crypt:3)
  Margery (Vaults:5)
  3 Killer Klowns (Zot:1)
  3 caustic shrikes (Depths:4)
  Xtahua (Vaults:5)
  Geryon (Hell)
  Nikola (Vaults:1)
  A bone dragon (Depths:4)
  5 golden dragons
  Jory (Crypt:1)
  A Tzitzimitl (Zig:9)
  An electric golem (Zot:1)
  A shard shrike zombie (Crypt:3)
  5 doom hounds (Hell)
  8 tentacled monstrosities
  A hellephant (Hell)
  Jorgrun (Swamp:3)
  A walking earthen tome (Depths:2)
  4 liches
  3 deep elf blademasters
  2 quicksilver dragons (shapeshifter)
  Asterion (Snake:2)
  A quicksilver dragon (Zot:1)
  2 deep elf master archers (Elf:3)
  5 titans
  7 sphinxes
  11 acid blobs
  3 ancient champions
  2 death cobs (Zot:1)
  A walking frostbound tome (Depths:2)
  The ghost of Kikiss the Fighter, an adept DrSh of Gozag (Swamp:2)
  Gastronok (Orc:1)
  Frances (Snake:1)
  Kirke (Swamp:2)
  A shadow dragon (shapeshifter) (Zig:7)
  5 thorn hunters
  6 storm dragons
  7 tengu reavers
  Roxanne (Snake:1)
  2 nagarajas (Snake:4)
  2 demonspawn warmongers (Zig:9)
  10 shadow dragons
  16 azure jellies
  7 rockslimes
  A draconian monk (Depths:4)
  A fenstrider witch (Swamp:3)
  An azure jelly (shapeshifter) (Vaults:5)
  11 frost giants
  2 draconian knights
  A revenant (Crypt:1)
  3 emperor scorpions (Zig:10)
  4 iron dragons
  10 deep elf sorcerers
  3 draconian scorchers
  25 vault wardens
  10 fire giants
  A juggernaut zombie (Crypt:3)
  4 balrugs
  4 deep elf elementalists
  2 curse skulls (Crypt:3)
  Louise (Swamp:3)
  A caustic shrike zombie (Crypt:3)
  2 ghost moths (Zig:10)
  9 ghouls
  4 orc warlords
  A draconian stormcaller (Zot:1)
  22 ironbound preservers
  A draconian shifter (Zot:1)
  2 cacodemons
  A caustic shrike skeleton (Crypt:3)
  A war gargoyle (Hell)
  A spriggan defender (Depths:2)
  6 quicksilver oozes (Slime:5)
  2 draconian annihilators (Zot:1)
  8 formless jellyfish
  15 stone giants
  3 green draconians
  6 ironbound thunderhulks
  2 demonspawn blood saints
  15 vampire knights
  9 reapers
  17 very ugly things
  The ghost of strifetoe the Severer, a journeyman AtFi of Makhleb (Lair:4)
  2 eleionomae
  8 deep elf demonologists (Elf:3)
  A black draconian (Depths:4)
  Azrael (Orc:2)
  20 dire elephants
  2 red draconians (Zot:1)
  2 purple draconians (Zot:1)
  A yellow draconian (Zot:1)
  2 bennus (Zig:5)
  A bunyip (shapeshifter) (Zig:8)
  3 white draconians (Zot:1)
  11 deep elf annihilators
  12 bunyips
  9 spark wasps
  7 deep elf death magi
  3 crystal guardians
  4 blizzard demons
  8 eidola
  Josephine (Lair:3)
  7 ettins
  21 yaktaur captains
  4 mummy priests
  8 deep elf high priests
  8 fire dragons
  8 jiangshi
  11 great orbs of eyes
  A hell beast (Hell)
  16 ice dragons
  The ghost of pigah the Mimic, a journeyman OpSh of Gozag (Lair:2)
  An entropy weaver (shapeshifter) (Vaults:5)
  3 shambling mangroves
  The ghost of gdog the Covert, a journeyman GnDe of Ashenzari (D:10)
  2 spriggan zombies (Crypt:3)
  4 rakshasas
  A quicksilver dragon skeleton (Crypt:3)
  3 salamander tyrants
  A peacekeeper (Vaults:4)
  3 spriggan air magi
  A caustic shrike simulacrum (Coc:1)
  A ghost crab (Swamp:4)
  20 hydras
  9 ironbound frosthearts
  39 vault guards
  A sphinx zombie (Vaults:5)
  6 alligators
  4 centaur warriors
  2 ogre magi
  A catoblepas (Lair:5)
  The ghost of gebbletook2 the Martial Artist, a journeyman OpSh (D:10)
  7 anacondas
  2 death knights (Crypt:1)
  3 boulder beetles
  Erica (D:8)
  16 two-headed ogres
  An anaconda (shapeshifter) (Vaults:4)
  3 spriggan skeletons (Crypt:3)
  29 dancing weapons
  5 deep troll shamans
  5 deep troll earth magi
  5 demonic crawlers
  12 naga warriors
  A death scarab (Depths:3)
  3 death yaks (Lair:5)
  14 naga sharpshooters
  4 tengu warriors
  10 vampire magi
  3 hell hogs (Hell)
  2 spriggan berserkers
  22 deep elf knights
  5 shock serpents
  15 hell knights
  5 orc high priests
  A sphinx skeleton (Depths:1)
  14 spriggans
  Urug (Lair:4)
  A titan skeleton (Crypt:3)
  7 soul eaters
  Amaemon (D:9)
  A storm dragon zombie (Depths:1)
  A skyshark (Vaults:2)
  4 sun demons
  A sun moth (Zig:10)
  29 skeletal warriors
  A fire crab (Vaults:2)
  2 fire crabs (shapeshifter)
  3 salamander mystics
  A shadow wraith (Crypt:1)
  2 sixfirhies
  An iron giant zombie (Crypt:1)
  4 spriggan druids
  A bunyip zombie (Crypt:3)
  A death drake (shapeshifter) (D:13)
  5 iron trolls
  2 flayed ghosts
  3 goliath frogs
  An orb spider (Zig:10)
  A shadow demon (Zig:9)
  4 glowing orange brains
  A swamp dragon (shapeshifter) (Depths:1)
  3 orb spiders (shapeshifter)
  4 spectral hydras (Swamp:4)
  5 naga ritualists
  8 swamp dragons
  8 deep elf archers
  An orange crystal statue (D:15)
  3 bog bodies
  8 arcanists
  66 deep trolls
  A bunyip skeleton (Crypt:2)
  27 deep elf pyromancers
  23 necromancers
  18 orc knights
  4 harpies (Vaults:1)
  18 phantasmal warriors
  13 lindwurms
  An anaconda skeleton (Crypt:1)
  11 ironbound convokers
  50 ugly things
  2 alligator zombies (Hell)
  3 cyclopes
  A tengu skeleton (Vaults:1)
  5 mana vipers
  27 deep elf zephyrmancers
  20 salamanders
  6 orc sorcerers
  A cyclops (shapeshifter) (Zig:7)
  An alligator skeleton (Hell)
  3 wolf spiders (Crypt:3)
  A manticore (D:14)
  A salamander (shapeshifter) (Vaults:5)
  2 stone giant zombies
  A black mamba (shapeshifter) (D:13)
  5 moths of wrath
  A manticore (shapeshifter) (Zig:7)
  17 elephants
  2 stone giant skeletons
  A fire giant zombie (Vaults:5)
  3 shining eyes
  10 rust devils
  A dire elephant zombie (Crypt:3)
  4 eyes of devastation (Slime:5)
  2 centaur zombies (Crypt:3)
  32 black mambas
  A fire giant skeleton (Depths:1)
  6 guardian serpents
  15 naga magi
  3 apocalypse crabs
  3 torpor snails
  An alligator snapping turtle zombie (Crypt:2)
  2 ice statues (Hell)
  A black draconian zombie (Crypt:1)
  3 orange demons
  2 naga skeletons (Crypt:3)
  8 cane toads
  A storm dragon simulacrum (Crypt:1)
  19 vault sentinels
  A rime drake (shapeshifter) (Depths:2)
  A minotaur zombie (Crypt:1)
  2 centaur skeletons (Crypt:1)
  A gargoyle (D:13)
  2 unseen horrors
  6 freezing wraiths
  A kobold demonologist (D:13)
  2 efreet (Zig:6)
  7 rime drakes
  Jeremiah (D:8)
  2 tormentors
  3 ice devils
  11 komodo dragons
  A hellion (Hell)
  7 guardian mummies
  60 yaktaurs
  A sea snake zombie (Hell)
  2 tengu conjurers
  An anaconda simulacrum (Coc:1)
  A sea snake skeleton (Hell)
  6 hydra zombies
  4 red devils (Lair:5)
  A troll (shapeshifter) (D:15)
  4 meliai (D:15)
  Grinder (D:3)
  16 hellwings
  17 hornets
  A polar bear (Lair:4)
  2 trolls
  A death drake zombie (Swamp:4)
  An alligator simulacrum (Hell)
  A polar bear (shapeshifter) (D:14)
  2 glass eyes (Slime:5)
  9 tyrant leeches
  A hydra skeleton (Swamp:4)
  2 harpy skeletons (Crypt:3)
  9 blink frogs
  2 death drake skeletons (Swamp:4)
  An iron dragon simulacrum (Depths:1)
  A jumping spider (shapeshifter) (Depths:4)
  2 jumping spiders (Crypt:3)
  A fire dragon skeleton (Crypt:2)
  2 flying skulls (Zig:5)
  An ettin skeleton (Crypt:1)
  An air elemental (Elf:3)
  A black mamba zombie (Crypt:3)
  A shadow (D:12)
  3 ushabtiu
  An ice dragon skeleton (Crypt:3)
  54 slime creatures
  A spriggan (shapeshifter) (D:13)
  A wyvern (shapeshifter) (Vaults:5)
  5 wyverns
  8 water elementals
  2 vampires
  A wind drake zombie (Crypt:2)
  53 yaks
  16 wraiths
  5 fire elementals
  5 hogs
  A tyrant leech zombie (Crypt:2)
  6 basilisks
  A basilisk (shapeshifter) (D:14)
  Grum (D:8)
  11 vampire mosquitoes
  3 chaos spawn (Zig:7)
  5 redbacks
  5 death yak simulacra (Lair:5)
  2 steam dragons
  3 wargs
  15 swamp worms
  55 nagas
  An entropy weaver zombie (Crypt:2)
  3 harpy simulacra (Coc:1)
  An acid dragon (D:12)
  4 naga zombies (Crypt:3)
  14 hell hounds
  5 hydra simulacra
  20 water moccasins
  A sky beast (D:7)
  7 ogres
  36 orc warriors
  12 swamp drakes
  3 ice beasts
  A black bear (D:5)
  9 wolves
  8 swamp dragon zombies
  An elephant zombie (Crypt:2)
  6 boggarts
  4 centaurs
  A dream sheep skeleton (Crypt:1)
  A swamp dragon skeleton (Swamp:4)
  A phantom (D:5)
  A kobold brigand (D:8)
  2 earth elementals
  6 bullfrogs
  3 necrophages
  A cyclops zombie (Crypt:2)
  4 scorpions
  8 wyvern skeletons (Crypt:3)
  19 wights
  6 killer bees
  A queen bee zombie (Crypt:2)
  A human simulacrum (Vaults:1)
  2 electric eels (Lair:1)
  A howler monkey (D:5)
  3 jellies
  3 hounds
  15 orc priests
  Crazy Yiuf (D:3)
  2 gnoll boudas
  2 sleepcaps (D:6)
  Ijyb (D:4)
  An iguana (D:6)
  32 orc wizards
  A boggart simulacrum (D:15)
  A hound skeleton (Crypt:1)
  7 mummies
  2 adders (D:6)
  19 gnolls
  3 white imps
  3 hell rat simulacra (Lair:5)
  2 ufetubi (D:6)
  A worm (D:2)
  2 dart slugs (D:2)
  64 orcs
  7 bats
  A bat zombie (D:5)
  2 endoplasms
  5 giant cockroaches
  11 goblins
  5 hobgoblins
  11 jackals
  3 quokkas
  8 ball pythons
  6 frilled lizards
  23 kobolds
  2 orc skeletons
  10 rats
  A rat zombie (D:5)
  2 spectral weapons
2334 creatures vanquished.

Vanquished Creatures (collateral kills)
  A vault warden (Vaults:5)
  A war gargoyle (Hell)
  A reaper (Crypt:3)
  An ettin (Swamp:2)
  A rakshasa (D:15)
  A naga sharpshooter (Snake:3)
  A salamander mystic (Snake:4)
  A black mamba (Snake:3)
  A rust devil (Hell)
  2 meliai (D:15)
  2 yaks (Lair:1)
  2 nagas (Snake:3)
  2 water moccasins (Lair:1)
  2 orcs
19 creatures vanquished.

Vanquished Creatures (others)
  A pandemonium lord (Zig:11)
  A lich (Depths:2)
  A balrug (Zig:9)
  A wendigo (Coc:1)
  An ironbound frostheart (Vaults:1)
  2 dancing weapons
  A deep elf knight (Elf:2)
  3 deep trolls
  A spriggan simulacrum (Coc:1)
  A deep elf pyromancer (Vaults:5)
  A bog body (Crypt:1)
  2 bloated husks
  4 yaks (Lair:5)
  Eustachio (D:4)
  A harpy simulacrum (Coc:1)
  A naga (Snake:2)
  A hog skeleton (Crypt:1)
  A naga simulacrum (Coc:1)
  2 orc wizards (Orc:2)
  An adder (D:2)
  4 orcs
  A bat (D:2)
  A bat zombie (D:5)
34 creatures vanquished.

Grand Total: 2387 creatures vanquished

Notes
Turn   | Place    | Note
-------+----------+-------------------------------------------
     0 | D:1      | Xavori the Djinni Chaos Knight began the quest for the Orb.
     0 | D:1      | Reached XP level 1. HP: 20/20 MP: 0/0
    73 | D:1      | XOM: silly message
   109 | D:1      | Reached XP level 2. HP: 25/25 MP: 0/0
   192 | D:1      | Found Qiujen's General Store.
   484 | D:1      | XOM: divination: magic mapping
   570 | D:1      | Reached XP level 3. HP: 28/30 MP: 0/0
   570 | D:1      | Learned a level 1 spell: Summon Small Mammal
   641 | D:1      | XOM: god gift: 44 gold pieces
   700 | D:1      | XOM: give mutations
   700 | D:1      | Gained mutation: You are robust. (+10% HP) [Xom's grace]
   700 | D:1      | Gained mutation: You are partially covered in iridescent
                  | scales. (AC +2) [Xom's grace]
   957 | D:1      | XOM: give mutations
   957 | D:1      | Gained mutation: You have a somewhat thin skeletal
                  | structure. (Dex +2, Stealth+) [Xom's grace]
   957 | D:1      | Gained mutation: You are agile. (Dex +4, Str/Int -1) [Xom's
                  | grace]
   957 | D:1      | Gained mutation: Your movements are slightly less
                  | encumbered by armour. (ER -2) [Xom's grace]
   957 | D:1      | Gained mutation: You are mostly covered in iridescent
                  | scales. (AC +4) [Xom's grace]
  1002 | D:1      | XOM: torment (18/33 hp)
  1104 | D:1      | XOM: summons 2 hostile demons
  1263 | D:2      | XOM: 6-stop teleportation journey
  1267 | D:2      | XOM: polymorph frilled lizard -> adder
  1269 | D:2      | XOM: destruction
  1571 | D:2      | Reached skill level 1 in Spellcasting
  1571 | D:2      | Reached skill level 1 in Conjurations
  1571 | D:2      | Reached skill level 1 in Hexes
  1571 | D:2      | Reached skill level 1 in Summonings
  1571 | D:2      | Reached skill level 1 in Necromancy
  1571 | D:2      | Reached skill level 1 in Translocations
  1571 | D:2      | Reached skill level 1 in Transmutations
  1571 | D:2      | Reached skill level 1 in Fire Magic
  1571 | D:2      | Reached skill level 1 in Ice Magic
  1571 | D:2      | Reached skill level 1 in Air Magic
  1571 | D:2      | Reached skill level 1 in Earth Magic
  1571 | D:2      | Reached skill level 1 in Poison Magic
  1602 | D:2      | XOM: enchant monster (good)
  1616 | D:2      | Reached XP level 4. HP: 28/38 MP: 0/0
  1692 | D:2      | XOM: summons 1 hostile demon
  1853 | D:3      | XOM: polymorph endoplasm -> rat
  2210 | D:3      | Found a runed translucent door.
  2211 | D:3      | Noticed Crazy Yiuf
  2270 | D:3      | Noticed Grinder
  2304 | D:3      | Paralysed by Grinder for 3 turns
  2309 | D:3      | Paralysed by Grinder for 5 turns
  2315 | D:3      | XOM: fog
  2316 | D:3      | Killed Grinder
  2317 | D:3      | Reached skill level 2 in Armour
  2317 | D:3      | Reached XP level 5. HP: 26/45 MP: 0/0
  2317 | D:3      | Learned a level 2 spell: Blink
  2317 | D:3      | Reached XP level 6. HP: 29/51 MP: 0/0
  2568 | D:3      | Killed Crazy Yiuf
  2665 | D:4      | Noticed Eustachio
  2679 | D:4      | XOM: scenery: 1 doors open
  2684 | D:4      | XOM: scenery: summon butterflies
  2705 | D:4      | XOM: divination: detect items
  2707 | D:4      | XOM: enchant monster (good)
  2712 | D:4      | XOM: fake destruction
  2714 | D:4      | a gnoll sergeant changed into a boggart
  2714 | D:4      | Noticed a boggart
  2714 | D:4      | XOM: polymorph gnoll sergeant -> boggart
  2759 | D:4      | XOM: divination: detect items
  2821 | D:4      | XOM: snakes to sticks
  2826 | D:4      | XOM: enchant monster (good)
  2837 | D:4      | Killed Eustachio
  2837 | D:4      | XOM: divine lightning
  2868 | D:4      | Reached XP level 7. HP: 55/57 MP: 0/0
  2868 | D:4      | Learned a level 2 spell: Poisonous Vapours
  2905 | D:4      | Noticed Ijyb
  2914 | D:4      | Killed Ijyb
  2915 | D:4      | Reached skill level 3 in Armour
  3229 | D:4      | XOM: divination: detect items
  3489 | D:5      | Entered Level 5 of the Dungeon
  3563 | D:5      | XOM: blink monster(s)
  3579 | D:5      | XOM: scenery: summon butterflies
  3604 | D:5      | XOM: divination: detect creatures
  3610 | D:5      | Reached XP level 8. HP: 58/63 MP: 0/0
  3615 | D:5      | XOM: silly message
  3722 | D:5      | XOM: cast spell 'Olgreb's Toxic Radiance'
  3812 | D:5      | Found Seuze's Self-Published Books.
  3845 | D:5      | XOM: 3-stop teleportation journey
  3854 | D:5      | XOM: god gift: wand of roots (7)
  4149 | D:5      | Reached skill level 5 in Fighting
  4149 | D:5      | Reached skill level 4 in Armour
  4313 | D:6      | Reached skill level 5 in Dodging
  4409 | D:6      | XOM: enchant monster (good)
  4411 | D:6      | Reached skill level 1 in Evocations
  4556 | D:6      | XOM: 4-stop teleportation journey
  4572 | D:6      | Reached XP level 9. HP: 69/71 MP: 0/0
  4572 | D:6      | Learned a level 4 spell: Manifold Assault
  4736 | D:7      | XOM: divination: magic mapping
  4740 | D:7      | Reached skill level 5 in Long Blades
  4741 | D:7      | XOM: give mutations
  4741 | D:7      | Gained mutation: You have a pair of small horns on your
                  | head. [Xom's grace]
  4741 | D:7      | Gained mutation: You are very robust. (+20% HP) [Xom's
                  | grace]
  4741 | D:7      | Gained mutation: You expend health (3 HP) to strengthen
                  | your wands. [Xom's grace]
  4797 | D:7      | Found Konu Pagg's General Store.
  4899 | D:7      | XOM: blink monster(s)
  4912 | D:7      | XOM: stat loss: -1 Dex (22/23)
  4962 | D:7      | Found a flagged portal.
  4971 | Bailey   | Entered a bailey
  5020 | Bailey   | XOM: confusion
  5095 | Bailey   | XOM: draining
  5104 | Bailey   | XOM: fake destruction
  5112 | Bailey   | Reached skill level 5 in Armour
  5114 | Bailey   | XOM: cast spell 'Olgreb's Toxic Radiance'
  5119 | Bailey   | XOM: polymorph kobold -> goblin
  5131 | Bailey   | XOM: enchant monster (good)
  5145 | Bailey   | Paralysed by an orc warrior for 3 turns
  5154 | Bailey   | Paralysed by an orc warrior for 2 turns
  5548 | D:7      | Reached XP level 10. HP: 86/86 MP: 0/0
  5559 | D:7      | XOM: silly message
  5663 | D:7      | XOM: give mutation
  5663 | D:7      | Lost mutation: Your movements are slightly less encumbered
                  | by armour. (ER -2) [Xom's mischief]
  5926 | D:7      | Found a staircase to the Ecumenical Temple.
  6066 | D:7      | XOM: polymorph steam dragon -> bullfrog
  6226 | D:7      | XOM: god gift: staff of air
  6308 | D:8      | Found Arohuc's Alliterative Armaments.
  6308 | D:8      | Found Iciguprotuy's Book Shop.
  6308 | D:8      | Found Qiyx's Weapon Shoppe.
  6308 | D:8      | XOM: 6-stop teleportation journey
  6316 | D:8      | Found Udozemo's Weapon Shoppe.
  6338 | D:8      | Noticed a boulder beetle
  6339 | D:8      | a boulder beetle changed into a slime creature
  6339 | D:8      | XOM: polymorph boulder beetle -> slime creature
  6354 | D:8      | Reached skill level 5 in Spellcasting
  6354 | D:8      | Reached skill level 5 in Conjurations
  6354 | D:8      | Reached skill level 5 in Hexes
  6354 | D:8      | Reached skill level 5 in Summonings
  6354 | D:8      | Reached skill level 5 in Necromancy
  6354 | D:8      | Reached skill level 5 in Translocations
  6354 | D:8      | Reached skill level 5 in Transmutations
  6354 | D:8      | Reached skill level 5 in Fire Magic
  6354 | D:8      | Reached skill level 5 in Ice Magic
  6354 | D:8      | Reached skill level 5 in Air Magic
  6354 | D:8      | Reached skill level 5 in Earth Magic
  6354 | D:8      | Reached skill level 5 in Poison Magic
  6409 | D:8      | XOM: cloud trail
  6451 | D:8      | Noticed Erica
  6490 | D:8      | XOM: summons 7 friendly demons
  6490 | D:8      | Noticed Grum
  6499 | D:8      | Paralysed by something for 4 turns
  6504 | D:8      | Killed Erica
  6511 | D:8      | Killed Grum
  6643 | D:8      | Found Veyngaom's Armour Shop.
  6645 | D:8      | Found Onoh's Antique Armour Boutique.
  6645 | D:8      | Noticed Jeremiah
  6647 | D:8      | Noticed a boulder beetle
  6649 | D:8      | XOM: potion effect (haste)
  6653 | D:8      | Identified the +9 great sword of Benevolence {freeze,
                  | Dex+2} (Xom gifted it to you on level 8 of the Dungeon)
  6653 | D:8      | XOM: god gift: +9 great sword of Benevolence {chaos, Dex+2}
  6660 | D:8      | XOM: cleaving
  6661 | D:8      | XOM: silly message
  6801 | D:8      | XOM: scenery: create altars
  6807 | D:8      | XOM: summons 9 friendly demons
  6814 | D:8      | XOM: summons friendly crimson imp
  6821 | D:8      | XOM: enchant monster (bad)
  6835 | D:8      | Killed Jeremiah
  6836 | D:8      | Reached skill level 6 in Armour
  6846 | D:8      | Killed a boulder beetle
  6866 | D:8      | XOM: polymorph crimson imp -> hell rat
  6977 | D:8      | XOM: cloud trail
  7017 | D:8      | Identified the +9 sling of the Scavenger {flame, *Slow
                  | rElec Str+3 Int+3 Dex+5}
  7061 | D:8      | XOM: 6-stop teleportation journey
  7071 | D:8      | XOM: summons friendly ufetubus
  7104 | D:8      | XOM: draining
  7198 | D:8      | Reached XP level 11. HP: 81/82 MP: 0/0
  7198 | D:8      | Learned a level 5 spell: Metabolic Englaciation
  7570 | D:9      | XOM: potion effect (might)
  7571 | D:9      | XOM: cleaving
  7620 | D:9      | XOM: noise
  7752 | D:9      | XOM: give mutation
  7752 | D:9      | Gained mutation: Your muscles are strong. (Str +4, Int/Dex
                  | -1) [Xom's mischief]
  7938 | D:9      | XOM: noise
  7948 | D:9      | Reached skill level 5 in Evocations
  7996 | D:9      | Noticed Amaemon
  8006 | D:9      | XOM: repel stairs
  8027 | D:9      | XOM: chaos cloud
  8030 | D:9      | an iguana changed into a glowing shapeshifter
  8030 | D:9      | Noticed a glowing shapeshifter (glowing shapeshifter)
  8031 | D:9      | a glowing shapeshifter changed into a mana viper
  8031 | D:9      | Noticed a mana viper (glowing shapeshifter)
  8034 | D:9      | Killed Amaemon
  8269 | D:9      | Found a staircase to the Lair.
  8558 | D:10     | Entered Level 10 of the Dungeon
  8572 | D:10     | Noticed a two-headed ogre
  8584 | D:10     | Killed a two-headed ogre
  8784 | D:10     | Reached skill level 7 in Armour
  8814 | D:10     | XOM: noise
  9059 | D:10     | XOM: chaos upgrade
  9065 | D:10     | XOM: summons friendly iron imp
  9071 | D:10     | XOM: potion effect (brilliance)
  9148 | D:10     | Noticed a two-headed ogre
  9159 | D:10     | Killed a two-headed ogre
  9160 | D:10     | Reached XP level 12. HP: 71/103 MP: 0/0
  9231 | D:10     | XOM: cloud trail
  9543 | D:10     | Found a runed translucent gate.
  9543 | D:10     | Found a runed translucent gate.
  9544 | D:10     | Found a runed translucent gate.
  9545 | D:10     | Noticed gebbletook2's ghost (journeyman OpSh)
  9545 | D:10     | Noticed gdog's ghost (journeyman GnDe)
  9653 | D:10     | XOM: give mutations
  9653 | D:10     | Lost mutation: Your muscles are strong. (Str +4, Int/Dex
                  | -1) [Xom's mischief]
  9653 | D:10     | Gained mutation: You have hidden genetic defects. [Xom's
                  | mischief]
  9653 | D:10     | Lost mutation: You have a pair of small horns on your head.
                  | [Xom's mischief]
  9663 | D:10     | XOM: give mutation
  9663 | D:10     | Lost mutation: You have hidden genetic defects. [Xom's
                  | grace]
  9691 | Lair:1   | Entered Level 1 of the Lair of Beasts
  9770 | Lair:1   | XOM: give mutations
  9770 | Lair:1   | Gained mutation: Your spells are a little harder to cast,
                  | but a little more powerful. [Xom's grace]
  9770 | Lair:1   | Gained mutation: You possess an exceptional clarity of
                  | mind. [Xom's grace]
  9900 | Lair:1   | XOM: summons 12 friendly demons
  9904 | Lair:1   | XOM: blink monster(s)
 10182 | D:1      | Bought a scroll of acquirement for 728 gold pieces
 10182 | D:1      | Acquired 627 gold pieces
 10231 | D:2      | XOM: cloud trail
 10279 | D:4      | XOM: give mutations
 10279 | D:4      | Gained mutation: You are extremely robust. (+30% HP) [Xom's
                  | grace]
 10279 | D:4      | Gained mutation: You have a moderately thin skeletal
                  | structure. (Dex +4, Stealth++) [Xom's grace]
 10279 | D:4      | Gained mutation: You are partially covered in large bone
                  | plates. (SH +4) [Xom's grace]
 10313 | D:7      | Identified the ring "Loghe" {*Corrode rF+ EV+5 Slay+4} (Xom
                  | gifted it to you on level 7 of the Dungeon)
 10313 | D:7      | XOM: god gift: ring "Loghe" {*Corrode rF+ EV+5 Slay+4}
 10368 | D:8      | Bought a +2 buckler of cold resistance for 258 gold pieces
 10432 | Lair:1   | XOM: confuse monster(s)
 10433 | Lair:1   | XOM: confuse monster(s)
 10440 | Lair:1   | XOM: confuse monster(s)
 10457 | Lair:1   | XOM: 5-stop teleportation journey
 10464 | Lair:1   | XOM: polymorph yak -> yak
 10482 | Lair:1   | XOM: cleaving
 10485 | Lair:1   | XOM: polymorph yak -> troll
 10489 | Lair:1   | XOM: divination: detect items
 10493 | Lair:1   | XOM: fog
 10498 | Lair:1   | Reached skill level 1 in Shields
 10505 | Lair:1   | XOM: enchant monster (bad)
 10518 | Lair:1   | XOM: summons friendly crimson imp
 10548 | Lair:1   | XOM: god gift: staff of earth
 10646 | Lair:1   | XOM: potion effect (attraction)
 10647 | Lair:1   | XOM: draining
 11347 | Lair:2   | You are sucked into a shaft and drop 2 floors!
 11347 | Lair:4   | XOM: noise
 11370 | Lair:4   | Reached skill level 8 in Armour
 11482 | Lair:3   | XOM: 1-stop teleportation journey
 11497 | Lair:3   | XOM: fake destruction
 11501 | Lair:3   | XOM: noise
 11633 | Lair:3   | XOM: noise
 11640 | Lair:3   | Reached XP level 13. HP: 120/120 MP: 0/0
 11640 | Lair:3   | Learned a level 5 spell: Arcjolt
 11703 | Lair:3   | XOM: 1-stop teleportation journey
 11921 | Lair:3   | XOM: give mutations
 11921 | Lair:3   | Gained mutation: You are resistant to electric shocks.
                  | (rElec) [Xom's grace]
 11921 | Lair:3   | Gained mutation: Your flesh is almost immune to the effects
                  | of heat. (rF+++) [Xom's grace]
 11921 | Lair:3   | Gained mutation: Your muscles are strong. (Str +4, Int/Dex
                  | -1) [Xom's grace]
 11921 | Lair:3   | Gained mutation: You have a beak for a mouth. [Xom's grace]
 11925 | Lair:3   | Noticed Josephine
 11939 | Lair:3   | XOM: destruction
 11961 | Lair:3   | Killed Josephine
 12211 | Lair:3   | XOM: polymorph cane toad -> yaktaur
 12393 | Lair:3   | XOM: swap monsters
 12562 | Lair:2   | Found a staircase to the Snake Pit.
 12590 | Lair:2   | Found a runed translucent gate.
 12590 | Lair:2   | Found a runed translucent gate.
 12590 | Lair:2   | Found a runed translucent gate.
 12604 | Lair:2   | Noticed pigah's ghost (journeyman OpSh)
 12640 | Lair:2   | XOM: noise
 12778 | Lair:2   | Found a staircase to the Swamp.
 12778 | Lair:2   | Noticed an alligator
 12786 | Lair:2   | XOM: swap monsters
 12797 | Lair:2   | Killed an alligator
 12826 | Lair:2   | XOM: god gift: 4 stones
 12940 | Lair:2   | XOM: god gift: 41 gold pieces
 13069 | Lair:2   | Killed pigah's ghost
 13404 | Lair:4   | Noticed an eight-headed hydra
 13407 | Lair:4   | Killed a five-headed hydra
 13422 | Lair:4   | Noticed Urug
 13431 | Lair:4   | XOM: divine lightning
 13432 | Lair:4   | Killed Urug
 13495 | Lair:4   | Noticed an eight-headed hydra
 13504 | Lair:4   | Killed a five-headed hydra
 13536 | Lair:4   | Reached skill level 10 in Dodging
 13547 | Lair:4   | XOM: enchant monster (good)
 13555 | Lair:4   | Reached skill level 9 in Armour
 13613 | Lair:4   | XOM: confuse monster(s)
 13623 | Lair:4   | XOM: summons friendly ufetubus
 13656 | Lair:4   | XOM: give mutations
 13656 | Lair:4   | Gained mutation: You have supernaturally acute eyesight.
                  | (SInv) [Xom's grace]
 13656 | Lair:4   | Gained mutation: You are very agile. (Dex +8, Str/Int -2)
                  | [Xom's grace]
 13656 | Lair:4   | Gained mutation: You are mostly covered in large bone
                  | plates. (SH +6) [Xom's grace]
 13656 | Lair:4   | Gained mutation: Your natural rate of healing is unusually
                  | fast. [Xom's grace]
 13669 | Lair:4   | XOM: confuse monster(s)
 13682 | Lair:4   | Found a runed translucent door.
 13683 | Lair:4   | Noticed strifetoe's ghost (journeyman AtFi)
 13684 | Lair:4   | Identified the +6 spear of Ambiguity {venom, *Noise rPois
                  | rN+}
 13704 | Lair:4   | Reached XP level 14. HP: 131/131 MP: 0/0
 13763 | Lair:4   | XOM: 7-stop teleportation journey
 13782 | Lair:4   | XOM: chaos cloud
 13785 | Lair:4   | Paralysed by you for 3 turns
 13806 | Lair:4   | Reached skill level 5 in Shields
 13888 | Lair:4   | XOM: chaos cloud
 14155 | Lair:4   | XOM: chaos cloud
 14157 | Lair:4   | XOM: smoke on damage
 14167 | Lair:4   | XOM: enchant monster (bad)
 14176 | Lair:4   | Killed strifetoe's ghost
 14219 | Lair:4   | Identified the +0 chain mail of Wichyh {rN+}
 14261 | Lair:5   | XOM: stealth player
 14261 | Lair:5   | Entered Level 5 of the Lair of Beasts
 14293 | Lair:5   | XOM: divine lightning
 14299 | Lair:5   | Reached skill level 10 in Fighting
 14341 | Lair:5   | XOM: give mutation
 14341 | Lair:5   | Lost mutation: You have a beak for a mouth. [Xom's
                  | mischief]
 14373 | Lair:5   | XOM: noise
 14378 | Lair:5   | XOM: confuse monster(s)
 14422 | Lair:5   | Noticed a dire elephant
 14435 | Lair:5   | Killed a dire elephant
 14463 | Lair:5   | Found a burning altar of Makhleb.
 14482 | Lair:5   | XOM: destruction
 14483 | Lair:5   | XOM: 1-stop teleportation journey
 14489 | Lair:5   | XOM: fake destruction
 14505 | Lair:5   | XOM: destruction
 14576 | Lair:5   | Found a staircase to the Slime Pits.
 14576 | Lair:5   | Found a viscous altar of Jiyva.
 14639 | Lair:5   | XOM: silly message
 14723 | Lair:5   | XOM: noise
 14738 | Lair:5   | XOM: summons friendly shadow imp
 14801 | Lair:5   | Reached skill level 10 in Armour
 14871 | Lair:5   | Reached XP level 15. HP: 141/141 MP: 0/0
 14871 | Lair:5   | Learned a level 6 spell: Simulacrum
 14883 | Lair:5   | XOM: smoke on damage
 14957 | Lair:5   | XOM: swap monsters
 15179 | Lair:5   | XOM: silly message
 15205 | Lair:5   | Found a gateway to Hell.
 15213 | Lair:5   | XOM: enchant monster (bad)
 15223 | Lair:5   | Identified the +0 helmet of the Guild-Master {Harm Regen+
                  | Str-3 Dex+5}
 15651 | D:11     | XOM: noise
 15817 | D:8      | Bought the +0 pair of fencer's gloves {Riposte Dex+3} for
                  | 1000 gold pieces
 15817 | D:8      | Found the +0 pair of fencer's gloves {Riposte Dex+3}
 15908 | D:12     | XOM: noise
 15914 | D:12     | Reached skill level 10 in Spellcasting
 15914 | D:12     | Reached skill level 10 in Conjurations
 15914 | D:12     | Reached skill level 10 in Hexes
 15914 | D:12     | Reached skill level 10 in Summonings
 15914 | D:12     | Reached skill level 10 in Necromancy
 15914 | D:12     | Reached skill level 10 in Translocations
 15914 | D:12     | Reached skill level 10 in Transmutations
 15914 | D:12     | Reached skill level 10 in Fire Magic
 15914 | D:12     | Reached skill level 10 in Ice Magic
 15914 | D:12     | Reached skill level 10 in Air Magic
 15914 | D:12     | Reached skill level 10 in Earth Magic
 15914 | D:12     | Reached skill level 10 in Poison Magic
 15917 | D:12     | XOM: confuse monster(s)
 15977 | D:12     | Identified the +1 cloak of Articulation {rF+ Will+}
 15997 | D:12     | XOM: divination: magic mapping
 16009 | D:12     | XOM: swap monsters
 16120 | D:12     | XOM: 3-stop teleportation journey
 16241 | D:12     | XOM: enchant monster (good)
 16591 | D:12     | Reached skill level 10 in Long Blades
 16639 | D:12     | XOM: god gift: wand of paralysis (4)
 16705 | D:12     | XOM: cloud trail
 16997 | D:13     | XOM: divination: detect creatures
 17008 | D:13     | XOM: polymorph vault guard -> great orb of eyes
 17009 | D:13     | XOM: confuse monster(s)
 17023 | D:13     | XOM: summons 4 friendly demons
 17025 | D:13     | XOM: polymorph crimson imp -> quasit
 17344 | D:13     | Found a gate to the Vaults.
 17571 | D:10     | XOM: noise
 17579 | D:10     | Killed gdog's ghost
 17587 | D:10     | Killed gebbletook2's ghost
 17620 | D:10     | XOM: give mutations
 17620 | D:10     | Lost mutation: You are mostly covered in large bone plates.
                  | (SH +6) [Xom's mischief]
 17620 | D:10     | Lost mutation: You possess an exceptional clarity of mind.
                  | [Xom's mischief]
 17620 | D:10     | Lost mutation: Your natural rate of healing is unusually
                  | fast. [Xom's mischief]
 17768 | D:11     | XOM: give mutations
 17768 | D:11     | Lost mutation: You are resistant to electric shocks.
                  | (rElec) [Xom's mischief]
 17768 | D:11     | Lost mutation: You expend health (3 HP) to strengthen your
                  | wands. [Xom's mischief]
 17768 | D:11     | Lost mutation: You are partially covered in large bone
                  | plates. (SH +4) [Xom's mischief]
 17768 | D:11     | Lost mutation: You have a moderately thin skeletal
                  | structure. (Dex +4, Stealth++) [Xom's mischief]
 17896 | D:11     | XOM: noise
 17901 | D:11     | XOM: polymorph yak -> rime drake
 17903 | D:11     | Reached XP level 16. HP: 114/150 MP: 0/0
 18072 | D:11     | Found a staircase to the Orcish Mines.
 18375 | Orc:1    | Entered Level 1 of the Orcish Mines
 18379 | Orc:1    | Noticed Gastronok
 18388 | Orc:1    | Killed Gastronok
 18582 | Orc:1    | XOM: give mutations
 18582 | Orc:1    | Gained mutation: Your spells are harder to cast, but more
                  | powerful. [Xom's grace]
 18582 | Orc:1    | Gained mutation: You passively map a small area around you.
                  | [Xom's grace]
 18582 | Orc:1    | Gained mutation: You are completely covered in iridescent
                  | scales. (AC +6) [Xom's grace]
 18811 | Orc:1    | Found Doilya's Distillery.
 18820 | Orc:1    | Bought 2 potions of haste for 320 gold pieces
 18820 | Orc:1    | Bought a potion of heal wounds for 80 gold pieces
 18820 | Orc:1    | Bought a potion of curing for 48 gold pieces
 18820 | Orc:1    | Bought a potion of curing for 48 gold pieces
 18820 | Orc:1    | Bought a potion of curing for 48 gold pieces
 18870 | Orc:2    | Entered Level 2 of the Orcish Mines
 18870 | Orc:2    | Found Myomm's Jewellery Shoppe.
 18870 | Orc:2    | Found a staircase to the Elven Halls.
 18893 | Orc:2    | Found Sueve's Book Boutique.
 18931 | Orc:2    | XOM: god gift: book of Weapons
 18957 | Orc:2    | Found Nouhionk's Distillery.
 18967 | Orc:2    | Bought a potion of heal wounds for 70 gold pieces
 18967 | Orc:2    | Bought a potion of heal wounds for 70 gold pieces
 19101 | Orc:2    | Noticed Azrael
 19104 | Orc:2    | XOM: destruction
 19106 | Orc:2    | XOM: confuse monster(s)
 19109 | Orc:2    | Reached skill level 11 in Armour
 19112 | Orc:2    | XOM: enchant monster (good)
 19113 | Orc:2    | XOM: cleaving
 19118 | Orc:2    | XOM: 1-stop teleportation journey
 19330 | Orc:2    | XOM: give mutations
 19330 | Orc:2    | Gained mutation: You passively map the area around you.
                  | [Xom's grace]
 19330 | Orc:2    | Gained mutation: Your spells are much harder to cast, but
                  | much more powerful. [Xom's grace]
 19330 | Orc:2    | Gained mutation: You expend health (3 HP) to strengthen
                  | your wands. [Xom's grace]
 19330 | Orc:2    | Gained mutation: Your skin changes colour to match your
                  | surroundings (Stealth+). [Xom's grace]
 19332 | Orc:2    | Found Musaun's Armour Boutique.
 19370 | Orc:2    | XOM: divination: magic mapping
 19380 | Orc:2    | XOM: divination: detect creatures
 19384 | Orc:2    | Killed Azrael
 19388 | Orc:2    | XOM: potion effect (berserk rage)
 19549 | Orc:2    | Found Ynugu's Weapon Emporium.
 19549 | Orc:2    | Found Marheme's Antique Armour Emporium.
 19550 | Orc:2    | Found Hudwaisch's Antique Weapon Shoppe.
 19555 | Orc:2    | Found Kerghu Xusch's Antique Weapon Shoppe.
 19661 | Orc:2    | Found Garhunuc's Antique Armour Shop.
 19812 | Orc:2    | XOM: god gift: robe {god gift}
 20094 | Snake:1  | Entered Level 1 of the Snake Pit
 20152 | Snake:1  | XOM: summons 10 friendly demons
 20195 | Snake:1  | Reached skill level 1 in Shapeshifting
 20287 | Snake:1  | Noticed Frances
 20296 | Snake:1  | Killed Frances
 20473 | Snake:1  | Noticed Roxanne
 20507 | Snake:1  | Killed Roxanne
 20589 | Snake:1  | Found a sacrificial altar of Ru.
 20593 | Snake:1  | XOM: fake destruction
 20598 | Snake:1  | XOM: polymorph oklob plant -> shambling mangrove
 20614 | Snake:1  | XOM: cast spell 'Summon Mana Viper'
 21046 | Snake:1  | XOM: give mutation
 21046 | Snake:1  | Gained mutation: Your mind is acute. (Int +4, Str/Dex -1)
                  | [Xom's grace]
 21297 | Snake:2  | XOM: destruction
 21341 | Snake:2  | Noticed Asterion
 21351 | Snake:2  | Killed Asterion
 21416 | Snake:2  | XOM: potion effect (haste)
 21419 | Snake:2  | XOM: destruction
 21547 | Snake:2  | XOM: enchant monster (good)
 21611 | Snake:2  | XOM: scenery: create altars
 21663 | Snake:2  | XOM: summons 2 hostile shadow creatures
 21698 | Snake:2  | XOM: summons 16 friendly demons
 21699 | Snake:2  | XOM: scenery: create altars
 21739 | Snake:2  | XOM: cloud trail
 21741 | Snake:2  | XOM: summons 2 friendly demons
 21812 | Snake:2  | XOM: divine lightning
 22065 | Snake:2  | XOM: scenery: summon butterflies
 22076 | Snake:2  | Reached XP level 17. HP: 159/159 MP: 0/0
 22076 | Snake:2  | Learned a level 6 spell: Starburst
 22142 | Snake:2  | Found a sparkling altar of Nemelex Xobeh.
 22152 | Snake:2  | XOM: give mutations
 22152 | Snake:2  | Gained mutation: You are strong-willed. (Will+) [Xom's
                  | grace]
 22152 | Snake:2  | Gained mutation: You are somewhat resistant to further
                  | mutation. [Xom's grace]
 22152 | Snake:2  | Gained mutation: You are highly strong-willed. (Will++)
                  | [Xom's grace]
 22152 | Snake:2  | Gained mutation: Your mind is very acute. (Int +8, Str/Dex
                  | -2) [Xom's grace]
 22246 | Snake:3  | XOM: polymorph naga -> scorpion
 22251 | Snake:3  | XOM: confuse monster(s)
 22256 | Snake:3  | XOM: cleaving
 22654 | Snake:3  | XOM: cast spell 'Monstrous Menagerie'
 22917 | Snake:3  | Identified the +0 arbalest "Grim Tooth" {heavy, rPois}
 23030 | Snake:4  | Entered Level 4 of the Snake Pit
 23032 | Snake:4  | XOM: summons 12 friendly demons
 23038 | Snake:4  | XOM: 3-stop teleportation journey
 23167 | Snake:4  | XOM: divination: detect items
 23170 | Snake:4  | XOM: cast spell 'Alistair's Intoxication'
 23262 | Snake:4  | XOM: confuse monster(s)
 23443 | Snake:4  | XOM: swap monsters
 23683 | Snake:4  | XOM: summons 2 friendly demons
 23684 | Snake:4  | Reached skill level 5 in Shapeshifting
 23692 | Snake:4  | Reached skill level 12 in Armour
 23805 | Snake:4  | XOM: polymorph naga warrior -> slime creature
 23811 | Snake:4  | XOM: noise
 23818 | Snake:4  | XOM: chaos upgrade
 23822 | Snake:4  | XOM: chaos upgrade
 23868 | Snake:4  | XOM: enchant monster (good)
 24103 | Snake:4  | XOM: silly message
 24120 | Snake:4  | Reached XP level 18. HP: 117/169 MP: 0/0
 24282 | Snake:4  | XOM: divination: detect items
 24321 | Snake:4  | XOM: blink monster(s)
 24336 | Snake:4  | XOM: cloud trail
 24443 | Snake:4  | XOM: noise
 24562 | Snake:4  | Got a serpentine rune of Zot
 25298 | D:14     | Found a sparkling altar of Nemelex Xobeh.
 25636 | D:14     | XOM: summons 4 hostile demons
 25662 | D:15     | Entered Level 15 of the Dungeon
 25714 | D:15     | XOM: noise
 25737 | D:15     | Found a bloodstained altar of Trog.
 25866 | D:15     | Found Lyratu's Antique Weapon Boutique.
 25870 | D:15     | Bought a runed double sword for 432 gold pieces
 25927 | D:15     | Found Yhegguat's Magic Scroll Shoppe.
 25938 | D:15     | XOM: enchant monster (bad)
 26029 | D:15     | XOM: god gift: scroll of butterflies
 26046 | D:15     | Found Dyexet's Antique Weapon Shoppe.
 26246 | D:15     | Found a runed translucent door.
 26415 | D:15     | Reached skill level 10 in Shields
 26440 | D:15     | Found a staircase to the Depths.
 27224 | Swamp:1  | Entered Level 1 of the Swamp
 27304 | Swamp:1  | XOM: enchant monster (good)
 27305 | Swamp:1  | XOM: cleaving
 27373 | Swamp:1  | XOM: scenery: summon butterflies
 27378 | Swamp:1  | XOM: fog
 27542 | Swamp:1  | XOM: god gift: 7 stones
 28117 | Swamp:1  | XOM: god gift: ring mail {god gift}
 28242 | Swamp:1  | XOM: give mutations
 28242 | Swamp:1  | Gained mutation: You are somewhat resistant to both further
                  | mutation and mutation removal. [Xom's grace]
 28242 | Swamp:1  | Gained mutation: You are resistant to electric shocks.
                  | (rElec) [Xom's grace]
 28242 | Swamp:1  | Gained mutation: You have sharp fingernails. [Xom's grace]
 28242 | Swamp:1  | Gained mutation: You have a pair of small antennae on your
                  | head. [Xom's grace]
 28352 | Swamp:2  | Identified the ring "Tisinalu" {Fire Str+3} (Xom gifted it
                  | to you on level 2 of the Swamp)
 28352 | Swamp:2  | XOM: god gift: ring "Tisinalu" {Fire Str+3}
 28360 | Swamp:2  | Reached XP level 19. HP: 128/179 MP: 0/0
 28360 | Swamp:2  | Learned a level 6 spell: Conjure Ball Lightning
 28637 | Swamp:2  | XOM is BORED!
 28637 | Swamp:2  | XOM: polymorph spriggan rider -> ettin
 28646 | Swamp:2  | XOM: summons 13 friendly demons
 28686 | Swamp:2  | XOM: 1-stop teleportation journey
 28731 | Swamp:2  | XOM: 1-stop teleportation journey
 28805 | Swamp:2  | XOM: give mutations
 28805 | Swamp:2  | Lost mutation: Your skin changes colour to match your
                  | surroundings (Stealth+). [Xom's mischief]
 28805 | Swamp:2  | Lost mutation: You are highly strong-willed. (Will++)
                  | [Xom's mischief]
 28805 | Swamp:2  | Lost mutation: Your muscles are strong. (Str +4, Int/Dex
                  | -1) [Xom's mischief]
 28805 | Swamp:2  | Lost mutation: You expend health (3 HP) to strengthen your
                  | wands. [Xom's mischief]
 28837 | Swamp:2  | Found a runed translucent gate.
 28837 | Swamp:2  | Found a runed translucent gate.
 28837 | Swamp:2  | Found a runed translucent gate.
 28837 | Swamp:2  | Noticed Kikiss's ghost (adept DrSh)
 28839 | Swamp:2  | XOM: polymorph swamp worm -> slime creature
 28853 | Swamp:2  | XOM: enchant monster (bad)
 28854 | Swamp:2  | XOM: noise
 28874 | Swamp:2  | Killed Kikiss's ghost
 29027 | Swamp:2  | Noticed Kirke
 29039 | Swamp:2  | XOM: give mutations
 29039 | Swamp:2  | Lost mutation: You have sharp fingernails. [Xom's mischief]
 29039 | Swamp:2  | Lost mutation: You are extremely robust. (+30% HP) [Xom's
                  | mischief]
 29039 | Swamp:2  | Lost mutation: Your flesh is almost immune to the effects
                  | of heat. (rF+++) [Xom's mischief]
 29039 | Swamp:2  | Lost mutation: You passively map the area around you.
                  | [Xom's mischief]
 29043 | Swamp:2  | Killed Kirke
 29355 | Swamp:3  | Noticed Louise
 29369 | Swamp:3  | Killed Louise
 29502 | Swamp:3  | Noticed Donald
 29509 | Swamp:3  | Donald changed into Donald the formless jellyfish
 29509 | Swamp:3  | Noticed Donald
 29509 | Swamp:3  | XOM: polymorph Donald -> Donald the formless jellyfish
 29516 | Swamp:3  | Killed Donald the formless jellyfish
 29698 | Swamp:3  | Noticed a tentacled monstrosity
 29717 | Swamp:3  | Killed a tentacled monstrosity
 29760 | Swamp:3  | Identified the +4 spear of the Distant Future {flame, *Rage
                  | rElec rF+ rCorr}
 29813 | Swamp:3  | Noticed Jorgrun
 29816 | Swamp:3  | XOM: enchant monster (bad)
 29824 | Swamp:3  | Killed Jorgrun
 29869 | Swamp:3  | Reached skill level 13 in Armour
 30007 | Swamp:4  | Entered Level 4 of the Swamp
 30299 | Swamp:4  | XOM: destruction
 30310 | Swamp:4  | XOM: fake destruction
 30317 | Swamp:4  | XOM: polymorph swamp drake -> killer bee
 30422 | Swamp:4  | XOM: enchant monster (bad)
 30773 | Swamp:4  | XOM: scenery: create altars
 30775 | Swamp:4  | XOM: summons friendly crimson imp
 30782 | Swamp:4  | XOM: blink monster(s)
 30786 | Swamp:4  | XOM: polymorph spriggan druid -> ice dragon
 31000 | Swamp:4  | XOM: give mutations
 31000 | Swamp:4  | Lost mutation: Your spells are much harder to cast, but
                  | much more powerful. [Xom's mischief]
 31000 | Swamp:4  | Lost mutation: You have a somewhat thin skeletal structure.
                  | (Dex +2, Stealth+) [Xom's mischief]
 31000 | Swamp:4  | Lost mutation: You passively map a small area around you.
                  | [Xom's mischief]
 31113 | Swamp:4  | Found a blossoming altar of Fedhas.
 31145 | Swamp:4  | XOM: polymorph shambling mangrove -> thorn hunter
 31147 | Swamp:4  | XOM: summons 9 friendly demons
 31175 | Swamp:4  | XOM: smoke on damage
 31366 | Swamp:4  | Found a basalt altar of Yredelemnul.
 31382 | Swamp:4  | Got a decaying rune of Zot
 31654 | D:8      | Bought the +6 ice dragon scales of Otoc {rF- rC++ Int+6
                  | Dex+4} for 1348 gold pieces
 31795 | Vaults:1 | Entered Level 1 of the Vaults
 31836 | Vaults:1 | XOM: blink monster(s)
 31848 | Vaults:1 | XOM: silly message
 31849 | Vaults:1 | XOM: repel stairs
 31980 | Vaults:1 | XOM: give mutations
 31980 | Vaults:1 | Lost mutation: You are strong-willed. (Will+) [Xom's
                  | mischief]
 31980 | Vaults:1 | Lost mutation: You have supernaturally acute eyesight.
                  | (SInv) [Xom's mischief]
 32020 | Vaults:1 | Reached XP level 20. HP: 174/174 MP: 0/0
 32034 | Vaults:1 | XOM: polymorph arcanist -> redback
 32039 | Vaults:1 | XOM: silly message
 32220 | Vaults:1 | Identified the +0 pair of gloves of Creativity {Drain Str+3
                  | Dex+4}
 32220 | Vaults:1 | Noticed Nikola
 32220 | Vaults:1 | XOM: confusion (+ monsters)
 32238 | Vaults:1 | XOM: enchant monster (bad)
 32245 | Vaults:1 | XOM: 2-stop teleportation journey
 32408 | Vaults:1 | XOM: swap monsters
 32867 | Vaults:1 | XOM: noise
 32869 | Vaults:1 | Killed Nikola
 32892 | Vaults:1 | XOM: summons 1 hostile demon
 33167 | Vaults:1 | XOM: stat loss: -1 Dex (39/40)
 33401 | Vaults:2 | XOM: cleaving
 33499 | Vaults:2 | Reached skill level 15 in Dodging
 33531 | Vaults:2 | XOM: 1-stop teleportation journey
 33547 | Vaults:2 | XOM: scenery: 1 doors close
 33550 | Vaults:2 | XOM: blink monster(s)
 33552 | Vaults:2 | XOM: polymorph orc knight -> lindwurm
 33559 | Vaults:2 | XOM: torment (67/176 hp)
 33577 | Vaults:2 | HP: 4/170 [tengu reaver/bolt of acid (26)]
 33578 | Vaults:2 | XOM: polymorph vault sentinel -> lindwurm
 33582 | Vaults:2 | XOM: confusion
 33586 | Vaults:2 | XOM: polymorph lindwurm -> skyshark
 33990 | Vaults:2 | XOM: enchant monster (bad)
 34027 | Vaults:2 | XOM: divine lightning
 34090 | Vaults:2 | XOM: summons friendly ufetubus
 34113 | Vaults:2 | XOM: god gift: 29 gold pieces
 34229 | Vaults:2 | XOM: draining
 34259 | Vaults:2 | XOM: fog
 34332 | Vaults:2 | XOM: god gift: sack of spiders
 34352 | Vaults:2 | XOM: divination: detect creatures
 34354 | Vaults:2 | XOM: summons 2 friendly demons
 34426 | Vaults:2 | XOM: enchant monster (good)
 34429 | Vaults:2 | Reached XP level 21. HP: 159/164 MP: 0/0
 34429 | Vaults:2 | Learned a level 8 spell: Borgnjor's Revivification
 34435 | Vaults:2 | Reached skill level 14 in Armour
 34580 | Vaults:2 | XOM: summons friendly white imp
 34593 | Vaults:2 | XOM: 3-stop teleportation journey
 34686 | Vaults:2 | XOM: destruction
 34726 | Vaults:2 | XOM: 1-stop teleportation journey
 34816 | Vaults:2 | XOM: confuse monster(s)
 34877 | Vaults:2 | XOM: polymorph yaktaur -> fire crab
 35031 | Vaults:2 | Found a staircase to the Crypt.
 35075 | Vaults:2 | XOM: divination: detect creatures
 35831 | Vaults:3 | XOM: give mutation
 35831 | Vaults:3 | Lost mutation: You are completely covered in iridescent
                  | scales. (AC +6) [Xom's mischief]
 35899 | Vaults:3 | Identified the "Radeschyu" (You acquired it on level 3 of
                  | the Vaults)
 35899 | Vaults:3 | Acquired the +1 pair of gloves of a Labyrinth {rElec rC+
                  | Dex+3}
 35950 | Vaults:3 | XOM: cleaving
 36093 | Vaults:3 | XOM: summons 5 friendly demons
 36271 | Vaults:3 | XOM: potion effect (berserk rage)
 36272 | Vaults:3 | XOM: divination: detect items
 36310 | Vaults:3 | XOM: fog
 37064 | Vaults:3 | XOM is BORED!
 37311 | Vaults:4 | Reached XP level 22. HP: 152/192 MP: 0/0
 37503 | Vaults:4 | XOM: enchant monster (good)
 37578 | Vaults:4 | XOM: divination: detect creatures
 37628 | Vaults:4 | XOM: 8-stop teleportation journey
 37639 | Vaults:4 | Reached skill level 15 in Fighting
 37649 | Vaults:4 | Found Lepsank's General Store.
 37812 | Vaults:4 | XOM: cloud trail
 37917 | Vaults:4 | XOM: enchant monster (good)
 37934 | Vaults:4 | XOM: confuse monster(s)
 38092 | Vaults:4 | XOM: cloud trail
 38186 | Vaults:4 | Found Fiqieblim's Distillery.
 38194 | Vaults:4 | Bought a potion of heal wounds for 85 gold pieces
 38247 | Vaults:4 | XOM: enchant monster (good)
 38367 | Vaults:4 | Identified the +1 leather armour of the Orb {Int+6}
 38393 | Vaults:4 | XOM: cloud trail
 38413 | Vaults:4 | XOM: summons 14 friendly demons
 38498 | Vaults:4 | XOM: enchant monster (good)
 38523 | Vaults:4 | XOM: polymorph vault guard -> tyrant leech
 38602 | Vaults:4 | Reached skill level 15 in Armour
 38613 | Vaults:4 | Found Ypoashal's Distillery.
 38639 | Vaults:4 | Bought a potion of heal wounds for 70 gold pieces
 38639 | Vaults:4 | Bought a potion of resistance for 140 gold pieces
 38657 | Vaults:4 | XOM: summons friendly iron imp
 38658 | Vaults:4 | XOM: enchant monster (bad)
 38719 | Vaults:4 | XOM: silly message
 38724 | Vaults:4 | XOM: summons 3 hostile shadow creatures
 38728 | Vaults:4 | Reached skill level 10 in Shapeshifting
 38736 | Vaults:4 | XOM: confusion
 38737 | Vaults:4 | XOM: polymorph vault sentinel -> elephant
 39275 | Vaults:5 | Identified the of Itwistac
 39275 | Vaults:5 | Entered Level 5 of the Vaults
 39275 | Vaults:5 | Noticed Xtahua
 39295 | Vaults:5 | Reached skill level 15 in Long Blades
 39319 | Vaults:5 | XOM: enchant monster (bad)
 39321 | Vaults:5 | XOM: potion effect (curing)
 39327 | Vaults:5 | XOM: noise
 39333 | Vaults:5 | XOM: divination: magic mapping
 39335 | Vaults:5 | XOM: silly message
 39341 | Vaults:5 | XOM: divination: detect items
 39345 | Vaults:5 | Reached XP level 23. HP: 25/200 MP: 0/0
 39345 | Vaults:5 | Learned a level 8 spell: Ignition
 39350 | Vaults:5 | XOM: enchant monster (bad)
 39740 | Vaults:5 | XOM: silly message
 39745 | Vaults:5 | XOM: divination: detect creatures
 39794 | Vaults:5 | XOM: divination: magic mapping
 39824 | Vaults:5 | XOM: enchant monster (bad)
 39828 | Vaults:5 | XOM: cast spell 'Summon Mana Viper'
 39862 | Vaults:5 | Noticed Margery
 39879 | Vaults:5 | Killed Margery
 39972 | Vaults:5 | Noticed Mennas
 39973 | Vaults:5 | XOM: divination: detect items
 39976 | Vaults:5 | XOM: divination: detect creatures
 39994 | Vaults:5 | XOM: blink monster(s)
 39996 | Vaults:5 | Killed Mennas
 40196 | Vaults:5 | Noticed a dread lich
 40208 | Vaults:5 | XOM: noise
 40209 | Vaults:5 | Killed a dread lich
 40490 | Vaults:5 | Identified the ring "Sagohudgh" {rC+ Will- rCorr Int+4
                  | Dex+6}
 40526 | Vaults:5 | Noticed a caustic shrike
 40530 | Vaults:5 | a caustic shrike changed into a frost giant
 40532 | Vaults:5 | XOM: silly message
 40654 | Vaults:5 | Noticed a dread lich
 40664 | Vaults:5 | Noticed a dread lich
 40675 | Vaults:5 | Killed a dread lich
 40680 | Vaults:5 | Killed a dread lich
 40869 | Vaults:5 | Got a silver rune of Zot
 40902 | Vaults:5 | Identified the +2 spear of Ashuupt {flame, rElec Int+5
                  | Dex+5}
 40905 | Vaults:5 | XOM: god gift: wand of paralysis (2)
 40943 | Vaults:5 | XOM: confuse monster(s)
 40957 | Vaults:5 | Noticed a golden dragon
 40969 | Vaults:5 | Killed a golden dragon
 41191 | Vaults:5 | Identified the +8 fire dragon scales of Hangman {*Slow rF++
                  | rC- rCorr Int+7 Dex+2}
 41191 | Vaults:5 | Noticed Mara
 41191 | Vaults:5 | XOM: confuse monster(s)
 41195 | Vaults:5 | XOM: silly message
 41196 | Vaults:5 | XOM: potion effect (haste)
 41199 | Vaults:5 | Noticed Xavori's illusion
 41199 | Vaults:5 | XOM: enchant monster (good)
 41226 | Vaults:5 | Killed Mara
 41227 | Vaults:5 | Reached XP level 24. HP: 161/210 MP: 0/0
 41432 | Vaults:5 | XOM: polymorph vault guard -> great orb of eyes
 41459 | Vaults:5 | Killed Xtahua
 41549 | Vaults:5 | XOM: potion effect (berserk rage)
 41594 | Vaults:5 | Identified the +6 spear of Strategic Superiority {freeze,
                  | rElec Int+2}
 41944 | Vaults:5 | Identified the +0 ring mail "Langyku" {Will- Dex+6}
 42008 | Vaults:5 | Identified the +4 longbow of Coagrarr {heavy, rC+ Int+3
                  | Dex+3}
 42194 | D:13     | XOM: cloud trail
 42282 | Crypt:1  | Identified the "Datuid"
 42282 | Crypt:3  | Identified the "Udiquj"
 42282 | Depths:1 | Identified the "Nipi"
 42282 | Depths:1 | Identified the of Bixijyirph
 42282 | Elf:1    | Entered Level 1 of the Elven Halls
 42282 | Elf:1    | XOM: potion effect (might)
 42780 | Elf:1    | XOM: god gift: 50 gold pieces
 42838 | Elf:1    | XOM: summons friendly shadow imp
 42885 | Elf:1    | Reached skill level 16 in Armour
 43261 | Elf:2    | XOM: enchant monster (good)
 43263 | Elf:2    | XOM: polymorph deep elf zephyrmancer -> salamander
 43272 | Elf:2    | XOM: summons friendly crimson imp
 43401 | Elf:2    | Found a portal to a secret trove of treasure.
 43403 | Elf:2    | XOM: cast spell 'Olgreb's Toxic Radiance'
 43632 | D:13     | XOM: cloud trail
 43657 | Vaults:1 | XOM: god gift: scroll of poison
 43712 | Vaults:4 | Bought a potion of curing for 42 gold pieces
 43743 | Vaults:4 | Bought a potion of curing for 51 gold pieces
 43743 | Vaults:4 | Bought a potion of curing for 51 gold pieces
 43743 | Vaults:4 | Bought a potion of curing for 51 gold pieces
 43765 | Vaults:4 | XOM: scenery: 1 fountains blood, 3 doors close
 43936 | D:15     | Bought a scroll of acquirement for 884 gold pieces
 43936 | D:15     | Acquired 754 gold pieces
 43989 | D:11     | XOM: silly message
 44113 | Elf:2    | XOM: 1-stop teleportation journey
 44124 | Elf:2    | XOM: cast spell 'Olgreb's Toxic Radiance'
 44192 | Elf:2    | XOM: divination: magic mapping
 44452 | Elf:2    | Found a runed translucent gate.
 44455 | Elf:2    | Found a runed translucent gate.
 44455 | Elf:2    | Found a runed translucent gate.
 44532 | Elf:2    | XOM: silly message
 44614 | Elf:2    | XOM: silly message
 45071 | Elf:2    | You paid a toll of 17 potions of curing to enter a treasure
                  | trove
 45072 | Trove    | Entered a treasure trove
 45079 | Trove    | Identified the +3 kite shield "Biriot" {Will+ rCorr MP+9}
 45096 | Trove    | Identified the ring of Toasu {rN+ Int+3}
 45100 | Trove    | Identified the +1 plate armour of the First Snow {Str+4}
 45101 | Trove    | Identified the ring of the Median {Int+4 SInv Stlth+}
 45141 | Elf:3    | Identified the of Isics
 45141 | Elf:3    | Entered Level 3 of the Elven Halls
 45175 | Elf:3    | XOM: confuse monster(s)
 45221 | Elf:3    | XOM: divination: magic mapping
 45243 | Elf:3    | Reached skill level 15 in Spellcasting
 45243 | Elf:3    | Reached skill level 15 in Conjurations
 45243 | Elf:3    | Reached skill level 15 in Hexes
 45243 | Elf:3    | Reached skill level 15 in Summonings
 45243 | Elf:3    | Reached skill level 15 in Necromancy
 45243 | Elf:3    | Reached skill level 15 in Translocations
 45243 | Elf:3    | Reached skill level 15 in Transmutations
 45243 | Elf:3    | Reached skill level 15 in Fire Magic
 45243 | Elf:3    | Reached skill level 15 in Ice Magic
 45243 | Elf:3    | Reached skill level 15 in Air Magic
 45243 | Elf:3    | Reached skill level 15 in Earth Magic
 45243 | Elf:3    | Reached skill level 15 in Poison Magic
 45259 | Elf:3    | Reached XP level 25. HP: 171/219 MP: 0/0
 45259 | Elf:3    | Learned a level 9 spell: Polar Vortex
 45491 | Elf:3    | XOM: confuse monster(s)
 45822 | Elf:3    | Identified the +5 halberd of Ascent {speed, Contam Str+2
                  | SInv}
 45835 | Elf:3    | Identified the +3 scale mail of Ennui {rC+ MP-9 Int+3}
 45870 | Elf:3    | XOM: silly message
 45876 | Elf:3    | Identified the blade talisman of Starshine {Dex+5}
 45927 | Elf:3    | Found Elata's Antique Armour Shoppe.
 46004 | Elf:3    | XOM: scenery: 2 doors close
 46094 | Elf:3    | Found Ywneq's Overcharged Wands.
 46324 | Elf:3    | XOM: god gift: +1 pair of boots of rampaging
 46378 | Elf:1    | XOM: give mutations
 46378 | Elf:1    | Gained mutation: You possess an exceptional clarity of
                  | mind. [Xom's grace]
 46378 | Elf:1    | Gained mutation: You have a pair of antennae on your head.
                  | [Xom's grace]
 46378 | Elf:1    | Gained mutation: You expend health (3 HP) to strengthen
                  | your wands. [Xom's grace]
 46581 | Depths:1 | Entered Level 1 of the Depths
 46772 | Crypt:1  | Entered Level 1 of the Crypt
 46772 | Crypt:1  | Noticed Jory
 46782 | Crypt:1  | Killed Jory
 46786 | Crypt:1  | XOM: divine lightning
 46927 | Crypt:1  | XOM: summons friendly quasit
 47160 | Crypt:1  | XOM: destruction
 47170 | Crypt:1  | Noticed Vv
 47188 | Crypt:1  | Killed Vv
 47456 | Crypt:1  | XOM: silly message
 47486 | Crypt:1  | Identified the +3 leather armour of the Sea {Harm Will+
                  | Str-5}
 47656 | Crypt:1  | XOM: noise
 47670 | Crypt:1  | Reached skill level 17 in Armour
 47694 | Crypt:1  | XOM: noise
 47848 | Crypt:1  | Noticed a royal mummy
 47849 | Crypt:1  | XOM: summons 3 hostile shadow creatures
 48018 | Crypt:1  | XOM: summons 2 hostile shadow creatures
 48206 | Crypt:1  | XOM: silly message
 48336 | Crypt:1  | XOM: summons 1 hostile demon
 48383 | Crypt:1  | Identified the staff of Optimality {Stlth+ Earth}
 48416 | Crypt:1  | XOM: butterfly on damage
 48486 | Crypt:1  | XOM: summons 4 hostile demons
 48600 | Crypt:2  | Found the +3 robe of Clouds {*Thunder rCloud rElec}
 48636 | Crypt:2  | XOM: summons 4 hostile demons
 48677 | Crypt:2  | XOM: 2-stop teleportation journey
 48848 | Crypt:2  | XOM: summons 6 friendly demons
 48860 | Crypt:2  | XOM: silly message
 48882 | Crypt:2  | XOM: polymorph shadow imp -> ufetubus
 49059 | Crypt:2  | XOM: torment (122/220 hp)
 49195 | Crypt:2  | XOM: summons friendly crimson imp
 49345 | Crypt:2  | Paralysed by a vampire knight for 2 turns
 49428 | Crypt:2  | Found the +8 Vampire's Tooth {megavamp}
 49640 | Crypt:3  | Entered Level 3 of the Crypt
 49713 | Crypt:3  | Noticed Saint Roka
 49734 | Crypt:3  | XOM: blink monster(s)
 49745 | Crypt:3  | Killed Saint Roka
 49799 | Crypt:3  | XOM: 2-stop teleportation journey
 49801 | Crypt:3  | Noticed a dread lich
 49807 | Crypt:3  | Killed a dread lich
 49808 | Crypt:3  | Reached XP level 26. HP: 118/228 MP: 0/0
 49824 | Crypt:3  | Identified the ring "Sixeqewe" {Fly rN+ Will+}
 49824 | Crypt:3  | Identified the amulet of Liolen {rElec rN+ Will+ Regen+
                  | Stlth+}
 49824 | Crypt:3  | Identified the ring of the Death Scarab {rC+ rN+ rCorr
                  | Dex+5}
 50262 | Crypt:3  | XOM: swap monsters
 50286 | Crypt:3  | XOM: swap monsters
 50402 | Crypt:3  | XOM: cloud trail
 50414 | Crypt:3  | XOM: scenery: summon butterflies
 50677 | Crypt:3  | Found a staircase to the Tomb.
 50682 | Crypt:3  | Reached skill level 18 in Armour
 50792 | Crypt:3  | XOM: give mutations
 50792 | Crypt:3  | Lost mutation: You are somewhat resistant to both further
                  | mutation and mutation removal. [Xom's grace]
 50792 | Crypt:3  | Lost mutation: You are somewhat resistant to further
                  | mutation. [Xom's grace]
 50792 | Crypt:3  | Gained mutation: You have hidden genetic potential. [Xom's
                  | grace]
 50792 | Crypt:3  | Gained mutation: You are completely covered in iridescent
                  | scales. (AC +6) [Xom's grace]
 50792 | Crypt:3  | Gained mutation: Your flesh is almost immune to the effects
                  | of heat. (rF+++) [Xom's grace]
 50875 | Crypt:3  | XOM: summons 15 friendly demons
 50926 | Crypt:3  | XOM: god gift: 973 gold pieces
 51122 | Crypt:3  | XOM: god gift: amulet of regeneration
 51127 | Crypt:3  | XOM: torment (128/227 hp)
 51639 | Crypt:3  | XOM: summons 1 hostile demon
 51810 | Vaults:2 | XOM: give mutations
 51810 | Vaults:2 | Gained mutation: You passively dampen the noise of your
                  | surroundings. [Xom's grace]
 51810 | Vaults:2 | Gained mutation: Your spells are much harder to cast, but
                  | much more powerful. [Xom's grace]
 51810 | Vaults:2 | Gained mutation: You are extremely robust. (+30% HP) [Xom's
                  | grace]
 51810 | Vaults:2 | Gained mutation: You have a somewhat thin skeletal
                  | structure. (Dex +2, Stealth+) [Xom's grace]
 51894 | D:15     | XOM: give mutations
 51894 | D:15     | Lost mutation: You are completely covered in iridescent
                  | scales. (AC +6) [Xom's mischief]
 51894 | D:15     | Lost mutation: You possess an exceptional clarity of mind.
                  | [Xom's mischief]
 51894 | D:15     | Lost mutation: You are resistant to electric shocks.
                  | (rElec) [Xom's mischief]
 51894 | D:15     | Lost mutation: You have a pair of antennae on your head.
                  | [Xom's mischief]
 52057 | Depths:1 | Reached skill level 15 in Shapeshifting
 52272 | Depths:1 | XOM: 1-stop teleportation journey
 52461 | Depths:1 | XOM: noise
 52520 | Depths:1 | Found a hazy altar of Hepliaklqana.
 52757 | Depths:2 | Found a one-way gate leading to the halls of Pandemonium.
 52758 | Depths:2 | Found a one-way gateway to a ziggurat.
 53092 | Depths:2 | Found a runed translucent door.
 53146 | Depths:2 | Found a runed translucent door.
 53171 | Depths:2 | XOM: divination: detect creatures
 53173 | Depths:2 | XOM: cast spell 'Cause Fear'
 53187 | Depths:2 | XOM: potion effect (might)
 53200 | Depths:2 | XOM: enchant monster (good)
 53215 | Depths:2 | Reached XP level 27. HP: 183/256 MP: 0/0
 53215 | Depths:2 | Learned a level 9 spell: Fire Storm
 53244 | Depths:2 | XOM: 3-stop teleportation journey
 53635 | Depths:3 | XOM: silly message
 53757 | Depths:3 | XOM: noise
 53786 | Depths:3 | Found Fiveurgh's Antique Armour Boutique.
 53805 | Depths:3 | Bought pitted ice dragon scales for 2080 gold pieces
 53805 | Depths:3 | Identified the +0 ice dragon scales of Ogoheuziloa {rF-
                  | rC++ Dex+3} (You bought it in a shop on level 3 of the
                  | Depths)
 54032 | Depths:3 | XOM: god gift: 45 gold pieces
 54277 | Depths:3 | Gained mutation: You are strong-willed. (Will+) [hidden
                  | potential]
 54312 | Depths:3 | XOM: enchant monster (good)
 54421 | Depths:3 | Found a corrupted altar of Lugonu.
 54421 | Depths:3 | Found a one-way gate to the infinite horrors of the Abyss.
 54431 | Depths:3 | Identified the ring "Xitul" {rElec rPois rF+ MP+9}
 54455 | Depths:3 | XOM: cloud trail
 54678 | Depths:4 | Entered Level 4 of the Depths
 54693 | Depths:4 | Reached skill level 19 in Armour
 54851 | Depths:4 | XOM: 1-stop teleportation journey
 54860 | Depths:4 | XOM: divination: magic mapping
 54980 | Depths:4 | XOM: cast spell 'Cause Fear'
 55033 | Depths:4 | Found Isem's Demolitions Depot.
 55183 | Depths:4 | Found a gate to the Realm of Zot.
 55326 | Depths:4 | XOM: blink monster(s)
 55475 | Depths:4 | XOM: god gift: staff of death
 55561 | Hell     | Entered the Vestibule of Hell
 55561 | Hell     | Noticed Geryon
 55584 | Hell     | XOM: scenery: create altars
 55637 | Hell     | XOM: 8-stop teleportation journey
 55650 | Hell     | XOM: cast spell 'Dispersal'
 55656 | Hell     | Killed Geryon
 55674 | Hell     | XOM: potion effect (invisibility)
 55675 | Hell     | XOM: enchant monster (good)
 55735 | Hell     | XOM: cleaving
 55736 | Hell     | XOM: enchant monster (good)
 55791 | Hell     | XOM: give mutation
 55791 | Hell     | Gained mutation: You passively map a small area around you.
                  | [Xom's grace]
 55838 | Hell     | Found a gateway to the decaying netherworld of Tartarus.
 55838 | Hell     | XOM: 6-stop teleportation journey
 55908 | Hell     | Found a gateway to the ashen valley of Gehenna.
 56003 | Hell     | Found a gateway to the freezing wastes of Cocytus.
 56108 | Hell     | Found a gateway to the Iron City of Dis.
 56234 | Zot:1    | XOM: noise
 56234 | Zot:1    | Entered Level 1 of the Realm of Zot
 56378 | Zot:1    | XOM: fog
 56526 | Zot:1    | Noticed an orb of fire
 56526 | Zot:1    | Noticed a Killer Klown
 56526 | Zot:1    | Gained mutation: You are covered in fur. (AC +1) [hidden
                  | potential]
 56526 | Zot:1    | Lost mutation: You have hidden genetic potential. [hidden
                  | potential expressed]
 56529 | Zot:1    | Noticed a Killer Klown
 56531 | Zot:1    | XOM: summons 5 friendly demons
 56536 | Zot:1    | Noticed an ancient lich
 56536 | Zot:1    | Gained mutation: You are very vulnerable to cold. (rC--)
                  | [an orb of fire]
 56541 | Zot:1    | Gained mutation: Armour fits poorly on your strangely
                  | shaped body. [an orb of fire]
 56543 | Zot:1    | Gained mutation: You are weak. (Str -2) [an orb of fire]
 56545 | Zot:1    | Lost mutation: You are extremely robust. (+30% HP) [an orb
                  | of fire]
 56546 | Zot:1    | XOM: cast spell 'Metabolic Englaciation'
 56549 | Zot:1    | Killed an orb of fire
 56553 | Zot:1    | Killed an ancient lich
 56553 | Zot:1    | XOM: confusion (+ monsters)
 56565 | Zot:1    | Killed a Killer Klown
 56571 | Zot:1    | Killed a Killer Klown
 56584 | Zot:1    | Noticed a Killer Klown
 56592 | Zot:1    | a Killer Klown changed into a titan
 56598 | Zot:1    | XOM: swap monsters
 56599 | Zot:1    | XOM: summons 3 hostile demons
 56623 | Zot:1    | XOM: summons 2 hostile shadow creatures
 56645 | Zot:1    | Noticed a Killer Klown
 56802 | Hell     | Lost mutation: You are very robust. (+20% HP) [potion of
                  | mutation]
 56802 | Hell     | Lost mutation: You are strong-willed. (Will+) [potion of
                  | mutation]
 56802 | Hell     | Lost mutation: You are very vulnerable to cold. (rC--)
                  | [potion of mutation]
 56803 | Hell     | Lost mutation: You have a pair of small antennae on your
                  | head. [potion of mutation]
 56803 | Hell     | Lost mutation: You are robust. (+10% HP) [potion of
                  | mutation]
 56803 | Hell     | Lost mutation: You expend health (3 HP) to strengthen your
                  | wands. [potion of mutation]
 56803 | Hell     | Lost mutation: You have a somewhat thin skeletal structure.
                  | (Dex +2, Stealth+) [potion of mutation]
 56803 | Hell     | Gained mutation: You expend health (3 HP) to strengthen
                  | your wands. [potion of mutation]
 56804 | Hell     | Lost mutation: You are mostly covered in iridescent scales.
                  | (AC +4) [potion of mutation]
 56804 | Hell     | Lost mutation: Your mind is very acute. (Int +8, Str/Dex
                  | -2) [potion of mutation]
 56804 | Hell     | Lost mutation: You are weak. (Str -2) [potion of mutation]
 56804 | Hell     | Gained mutation: Your mind is very acute. (Int +8, Str/Dex
                  | -2) [potion of mutation]
 56804 | Hell     | Gained mutation: You are strong-willed. (Will+) [potion of
                  | mutation]
 56829 | Slime:5  | Identified the of Norugur
 56829 | Tomb:2   | Identified the "Weadgh"
 56829 | Tomb:3   | Identified the of Rofrept
 56829 | Tomb:3   | Identified the of Hegi
 56829 | Tomb:3   | Identified the "Jaokaud"
 56829 | Tar:7    | Identified the "Igaczyll"
 56829 | Tar:7    | Identified the "Bifit"
 56829 | Coc:1    | Entered Level 1 of Cocytus
 56978 | Coc:1    | XOM: butterfly on damage
 57230 | Zot:1    | XOM: god gift: wand of quicksilver (2)
 57244 | Zot:1    | Noticed an orb of fire
 57244 | Zot:1    | XOM: 1-stop teleportation journey
 57292 | Zot:1    | XOM: polymorph tentacled monstrosity -> doom hound
 57305 | Zot:1    | Gained mutation: You are frail. (-10% HP) [an orb of fire]
 57312 | Zot:1    | XOM: butterfly on damage
 57405 | Zot:1    | XOM: confuse monster(s)
 57409 | Zot:1    | Gained mutation: You occasionally lose the ability to read
                  | scrolls when taking damage. [an orb of fire]
 57424 | Zot:1    | Gained mutation: You sometimes lose your temper in combat.
                  | [an orb of fire]
 57425 | Zot:1    | Killed an orb of fire
 57427 | Zot:1    | Killed a Killer Klown
 57597 | Depths:4 | Lost mutation: You passively map a small area around you.
                  | [potion of mutation]
 57597 | Depths:4 | Lost mutation: Armour fits poorly on your strangely shaped
                  | body. [potion of mutation]
 57597 | Depths:4 | Lost mutation: Your flesh is almost immune to the effects
                  | of heat. (rF+++) [potion of mutation]
 57837 | D:13     | XOM: summons 1 hostile demon
 58010 | Slime:1  | Entered Level 1 of the Pits of Slime
 58028 | Slime:1  | XOM: potion effect (invisibility)
 58121 | Slime:3  | Reached skill level 20 in Armour
 58173 | Slime:4  | XOM: divination: magic mapping
 58174 | Slime:5  | Entered Level 5 of the Pits of Slime
 58174 | Slime:5  | Found the +8 storm bow {elec, penet}
 58174 | Slime:5  | Found the ring of the Octopus King
 58272 | Slime:5  | Noticed the Royal Jelly
 58282 | Slime:5  | XOM: divination: magic mapping
 58286 | Slime:5  | Killed the Royal Jelly
 58364 | Slime:5  | XOM: 1-stop teleportation journey
 58367 | Slime:5  | XOM: potion effect (might)
 58414 | Slime:5  | XOM: scenery: summon butterflies
 58492 | Slime:5  | XOM: enchant monster (bad)
 58544 | Slime:5  | XOM: confuse monster(s)
 58583 | Slime:5  | Identified the ring "Beluoke" {rPois Will+ Int+6}
 58587 | Slime:5  | Identified the +4 scimitar of Sinkaw {freeze, rElec Dex+2}
 58597 | Slime:5  | Identified the +5 mace "Kujed" {elec, *Corrode rF++}
 58598 | Slime:5  | Identified the +1 robe "Qapsaan" {+Inv Fly Slay+3}
 58605 | Slime:5  | Identified a ring of the Octopus King {rN+ HP+2 AC+2 EV+2
                  | SH+2}
 58620 | Slime:5  | Found the +3 hat of Pondering {ponderous, Will+ MP+10
                  | Int+5}
 58638 | Slime:5  | Identified the +1 ring mail of the Final Princes {Harm rF+}
 58648 | Slime:5  | XOM: god gift: 24 gold pieces
 58654 | Slime:5  | Identified the +12 falchion "Sanatuse" {drain, rN+}
 58662 | Slime:5  | Identified the +3 mace of Hard Scrabble {heavy, Str+4}
 58697 | Slime:5  | Got a slimy rune of Zot
 59112 | Dis:7    | Identified the "Usuiqaon"
 59112 | Dis:7    | Identified the "Odaafiqobb"
 59112 | Zig:1    | Entered Level 1 of a ziggurat
 59155 | Zig:2    | Entered Level 2 of a ziggurat
 59169 | Zig:2    | XOM: silly message
 59181 | Zig:3    | Entered Level 3 of a ziggurat
 59191 | Zig:3    | XOM: potion effect (haste)
 59216 | Zig:4    | Entered Level 4 of a ziggurat
 59219 | Zig:4    | XOM: silly message
 59235 | Zig:4    | Identified the +0 arbalest of the Brewing Shrike {heavy,
                  | Str+3 Int+4}
 59239 | Zig:4    | Identified the +3 ring mail of the Cuttlefish {*Slow rC+
                  | rN+}
 59243 | Zig:5    | Entered Level 5 of a ziggurat
 59244 | Zig:5    | Noticed a royal mummy
 59254 | Zig:5    | Killed a royal mummy
 59267 | Zig:5    | Identified the +7 bardiche "Rifukh" {freeze, rC+}
 59334 | Zig:6    | Entered Level 6 of a ziggurat
 59336 | Zig:6    | Noticed an orb of fire
 59341 | Zig:6    | XOM: smoke on damage
 59344 | Zig:6    | XOM: potion effect (brilliance)
 59353 | Zig:6    | Killed an orb of fire
 59371 | Zig:6    | Identified the +2 trident of Doqor {drain, Contam rPois
                  | Int+2}
 59372 | Zig:6    | Identified the staff of Superiority {rElec Will- Str+4
                  | Int+2 Summ Air}
 59379 | Zig:6    | Identified the +1 dire flail of Valour {holy, Int+4 Stlth+}
 59458 | Zig:7    | Entered Level 7 of a ziggurat
 59492 | Zig:7    | Identified the +0 chain mail "Piarod" {Rampage Drain
                  | Regen+}
 59521 | Zig:8    | Entered Level 8 of a ziggurat
 59531 | Zig:8    | Noticed a dread lich
 59533 | Zig:8    | XOM: silly message
 59538 | Zig:8    | Killed a dread lich
 59573 | Zig:8    | Identified the +2 whip of Othrolat {pain, rPois rCorr}
 59590 | Zig:9    | Entered Level 9 of a ziggurat
 59597 | Zig:9    | Noticed Giuvir the pandemonium lord
 59599 | Zig:9    | XOM: polymorph Giuvir -> Giuvir
 59604 | Zig:9    | XOM: cleaving
 59620 | Zig:9    | Killed Giuvir the pandemonium lord
 59698 | Zig:9    | Identified the +2 great sword of the Heavens {heavy, rF+}
 59751 | Zig:10   | Identified the "Teaxkak"
 59751 | Zig:10   | Entered Level 10 of a ziggurat
 59776 | Zig:10   | Found the +5 robe of Night {Dark Will+ SInv}
 59871 | Zig:10   | Found the amulet of Vitality {RegenMP++ Regen++}
 59877 | Zig:10   | Identified the +2 ring mail "Kaarchept" {+Blink rPois rF+
                  | Dex+4}
 59883 | Zig:10   | Identified the +1 leather armour of Immorality {rElec Will+
                  | Dex-2}
 59928 | Zig:11   | Entered Level 11 of a ziggurat
 60005 | Zig:11   | XOM: god gift: sling {god gift}
 60013 | Zig:11   | Noticed Lomes the pandemonium lord
 60015 | Zig:11   | Noticed a Killer Klown
 60016 | Zig:11   | Noticed a Killer Klown
 60033 | Zig:11   | XOM: smoke on damage
 60038 | Zig:11   | Killed Lomes the pandemonium lord
 60039 | Zig:11   | Noticed a Killer Klown
 60045 | Zig:11   | XOM: enchant monster (good)
 60049 | Zig:11   | Quit the game

Illustrated notes

Levels and vault maps discovered:
D:1:      dpeg_arrival_connections, layout_loops_cross, serial_shops,
          nicolae_shop_tiny_statue_garden
D:2:      layout_loops_ring, minmay_bisected
D:3:      layout_loops_cross, uniq_grinder, uniq_crazy_yiuf_cottage
D:4:      layout_basic, lightli_minifort, uniq_ijyb, uniq_eustachio
D:5:      layout_cave_pools, lemuel_zombie_altar_kikubaaqudgha,
          serial_bayou_pond_b, nicolae_custom_books
D:6:      layout_rooms
D:7:      layout_basic, temple_fountains, serial_shops, nicolae_stop_n_shop_1,
          enter_bailey_8
D:8:      layout_loops_cross, serial_shops, shop, shop,
          nicolae_shop_hallway_plus, nicolae_shop_advertising_works
          [nicolae_subvault_shop_adworks], nicolae_shop_crystal,
          serial_bayou_pond_e, monkooky_shop_alliterative, uniq_erica,
          uniq_jeremiah, uniq_grum
D:9:      layout_irregular_city, erik_lair_orcish_takeover,
          corexii_leaking_fountain, uniq_amaemon
D:10:     layout_small_grid, gammafunk_ghost_cemetery, st_stairs_5
D:11:     layout_irregular_city, orc_0_dummy, pond, uniq_maurice
D:12:     layout_basic, minmay_liquid_box
D:13:     layout_loops_cross, erik_vaults_2
D:14:     layout_rooms, serial_corexii_hall, corexii_hall_statues_u,
          chequers_hall_statues_wall_a, hex_intersection,
          nemelex_xobeh_ov_fountains_minmay
D:15:     gammafunk_enter_depths_forms, layout_loops_ring, serial_shops,
          nicolae_shop_behind_doors, shop, shop, bloody_trog, minmay_crystal_box
Lair:1:   layout_chaotic_city, serial_bayou_shore_a, grunt_megastairs_3
Lair:2:   layout_chaotic_city, mainiacjoe_swamp_entry_lozenge_pond,
          guppyfry_snake_entry_island, gammafunk_ghost_split, wad_woods_road_06,
          lemuel_fruit_fields
Lair:3:   layout_roguey, serial_bayou_pond_e, chequers_serial_rivers_room_b,
          uniq_josephine
Lair:4:   beast_lair_carwin_large_3, layout_gridlike,
          ebering_ghost_funeral_grove, uniq_urug
Lair:5:   evil_forest, layout_loops_ring, slime_entry_1, eino_house_with_fridge,
          grunt_megastairs_4
Swamp:1:  layout_basic_swamp, nicolae_swamp_big_swirl, swamp_pool3,
          nicolae_swamp_bunyip_nook
Swamp:2:  cheibrodos_swamp_tower_of_moss, layout_basic_swamp,
          gammafunk_ghost_hydra_chop, evilmike_swamp_ruin_house_4,
          infiniplex_staircase_pool_2, uniq_kirke
Swamp:3:  cheibrodos_swamp_monstrosity, layout_basic_swamp,
          evilmike_swamp_ruin_rubble_1, uniq_louise, uniq_jorgrun, uniq_donald
Swamp:4:  byrel_swamp_growth_death_and_undeath, layout_basic_swamp
Snake:1:  layout_gridlike, grunt_ministairs_15, lemuel_oklob_altar,
          lemuel_fruit_tree, uniq_roxanne, uniq_frances
Snake:2:  layout_concentric_octagons, basic_altar, uniq_asterion
Snake:3:  layout_misc_corridors, grunt_megastairs_1
Snake:4:  johnstein_snake_rune_scales, layout_cave_town
Slime:1:  layout_caves
Slime:2:  layout_caves, nicolae_slime_barrier,
          cheibrodos_slime_lost_civilization_7
Slime:3:  layout_caves, uniq_dissolution
Slime:4:  layout_caves
Slime:5:  slime_pit_nicolae_jellycorners
Orc:1:    layout_diamond_mine, serial_shops, nicolae_shop_industrial_runoff,
          uniq_gastronok
Orc:2:    st_orc_mages, layout_caves, serial_shops, shop_fountains, shop,
          nicolae_book_shop_shelving, nicolae_shop_hallway_plus, shop,
          mines1_david, uniq_azrael
Elf:1:    nicolae_elf_arrival_fired_up, layout_loops_corners, minivault_28,
          minmay_misc_feat_diagonals, minivault_24, minivault_4
Elf:2:    nicolae_elf_blades_crystal_corner, layout_onion_city,
          nicolae_trove_entry_free_sample
Elf:3:    minmay_elf_hall_quartered_circle, layout_geoelf_diagonals,
          serial_shops, nicolae_shop_crystal, minivault_20,
          nicolae_shop_overcharged_wands
Vaults:1: nicolae_vaults_little_guard_posts, nicolae_vaults_diamond_2,
          nicolae_vaults_offset_grid_hallway_1, nicolae_vaults_house_1,
          nicolae_vaults_tetromino_Z_2, v_misc_25, nicolae_vaults_apartment_2,
          hangedman_vaults_snaps, v_alt_pattern_1, v_pattern_4,
          hangedman_vaults_river_flow, nicolae_vaults_trapezoid_lopsided_4,
          vaults_room_fancy_cross, nicolae_vaults_network_barrier,
          layout_vaults_maze_bifur, uniq_nikola
Vaults:2: lightli_church_of_beogh, ontoclasm_vaults_chip,
          hangedman_vaults_pinch, minmay_crypt_entry_simple_round,
          ontoclasm_vaults_decontamination, grunt_vaults_twisty,
          nicolae_vaults_variable_pillar_hall, nicolae_vaults_little_squares_3,
          nicolae_vaults_offset_grid_hallway_4,
          nicolae_vaults_mini_display_case, nicolae_vaults_diamond_2,
          layout_vaults_omnicross
Vaults:3: hangedman_vaults_locks, nicolae_vaults_asterisk,
          nicolae_vaults_wrenched, hangedman_vaults_corner_blocks,
          nicolae_vaults_doubleplus_tesselated, nicolae_vaults_network_star,
          nicolae_vaults_closet_pinwheel_1, layout_vaults_omnigrid
Vaults:4: dpeg_vaults_monster_row, vaults_room_semicircle,
          nicolae_vaults_network_periphery, v_rooms_5, vaults_dpeg_cross,
          nicolae_vaults_heart-shaped_vault, nicolae_vaults_wine_cellar,
          nicolae_vaults_theta, st_spiral_rooms, layout_vaults_omnibox,
          serial_shops, shop, nicolae_shop_just_a_little_nook,
          nicolae_diamond_shop
Vaults:5: uniq_xtahua, uniq_mara, uniq_margery, uniq_mennas
Crypt:1:  layout_chaotic_city, st_burial_chamber, uniq_vv, uniq_jory
Crypt:2:  layout_rooms, minmay_guarded_unrand_vampires_tooth, grunt_megastairs_2
Crypt:3:  evilmike_haunted_forest, uniq_saint_roka, uniq_grunn
Depths:1: layout_gridlike, hangedman_geh_valley, nzn_hepliaklqana_mist_gate,
          kennysheep_generic_room_7
Depths:2: minmay_expanding_circles, layout_basic, enter_ziggurat_e, hell_entry,
          kennysheep_nondescript, pan_entry, uniq_josephina
Depths:3: minmay_bubble_buster, layout_gridville, hell_entry, serial_shops,
          shop, minmay_misc_feat_columns, abyss_entry_flame_altar,
          hellmonk_scarab_ruin
Depths:4: evilmike_zot_entry_diamond, layout_gridville, hangedman_coc_ice_floe,
          fountainhead, glass_columns_c, minmay_misc_feat_tiny,
          nicolae_blasting_shop
Hell
Coc:1:    layout_ice_bergs, serial_ice, serial_ice_m, serial_ice_o,
          serial_ice_g, serial_ice_d
Zot:1:    ebering_klown_carousel, layout_misc_corridors, uniq_tiamat
Zig:11:   ziggurat_pillar_abc, ziggurat_pillar_abc, ziggurat_pillar_abc,
          ziggurat_pillar_abc

Skill      XL: |  1  2  3  4  5  6  7  8  9 10 11 12 13 14 15 16 17 18 19 20 21 22 23 24 25 26 27 |
---------------+----------------------------------------------------------------------------------+-----
Long Blades    | 3 4 5 6 7 8 9 10 11 12 13 14 15 16 17 19 | 19.0
Spellcasting   | 1 2 3 4 5 6 7 8 9 10 11 12 13 14 15 17 | 17.6
Conjurations   | 1 2 3 4 5 6 7 8 9 10 11 12 13 14 15 17 | 17.6
Hexes          | 1 2 3 4 5 6 7 8 9 10 11 12 13 14 15 17 | 17.6
Summonings     | 1 2 3 4 5 6 7 8 9 10 11 12 13 14 15 17 | 17.6
Necromancy     | 1 2 3 4 5 6 7 8 9 10 11 12 13 14 15 17 | 17.6
Translocations | 1 2 3 4 5 6 7 8 9 10 11 12 13 14 15 17 | 17.6
Transmutations | 1 2 3 4 5 6 7 8 9 10 11 12 13 14 15 17 | 17.6
Fire Magic     | 1 2 3 4 5 6 7 8 9 10 11 12 13 14 15 17 | 17.6
Ice Magic      | 1 2 3 4 5 6 7 8 9 10 11 12 13 14 15 17 | 17.6
Air Magic      | 1 2 3 4 5 6 7 8 9 10 11 12 13 14 15 17 | 17.6
Earth Magic    | 1 2 3 4 5 6 7 8 9 10 11 12 13 14 15 17 | 17.6
Poison Magic   | 1 2 3 4 5 6 7 8 9 10 11 12 13 14 15 17 | 17.6
Armour         | 2 3 4 5 6 7 8 9 10 11 12 13 14 15 16 17 18 20 | 20.7
Dodging        | 3 4 5 6 7 8 9 10 11 12 13 14 15 16 17 18 | 18.1
Fighting       | 4 5 6 7 8 9 10 11 12 13 14 15 16 17 19 | 19.5
Evocations     | 1 3 4 5 6 7 |  7.1
Shields        | 2 4 6 7 8 9 10 11 12 13 | 13.0
Shapeshifting  | 3 5 6 7 8 9 10 11 13 15 17 | 17.2

Action                     |  1- 3 |  4- 6 |  7- 9 | 10-12 | 13-15 | 16-18 | 19-21 | 22-24 | 25-27 || total
---------------------------+-------+-------+-------+-------+-------+-------+-------+-------+-------++-------
  Melee: Falchion          |   120 |   122 |   239 |       |       |       |       |       |       ||   481
         Punch             |     1 |       |     8 |     5 |       |       |       |       |       ||    14
         Long sword        |       |       |    81 |    54 |       |       |       |       |       ||   135
         Headbutt          |       |       |    14 |    55 |       |       |       |       |       ||    69
         Scimitar          |       |       |       |   417 |   793 |   951 |    32 |       |       ||  2193
         Peck              |       |       |       |       |   112 |       |       |       |       ||   112
         Double sword      |       |       |       |       |       |   180 |   972 |  1011 |  1989 ||  4152
         Unarmed           |       |       |       |       |       |       |       |       |     4 ||     4
   Cast: Summon Small Mamm |       |     2 |       |       |       |       |       |       |     1 ||     3
         Poisonous Vapours |       |       |    14 |     8 |       |       |     1 |       |       ||    23
         Manifold Assault  |       |       |       |    15 |     1 |    46 |    54 |    37 |   107 ||   260
  Evoke: Phial of floods   |       |       |       |       |       |     1 |       |       |       ||     1
         Wand              |       |       |       |       |       |     4 |     2 |     1 |     4 ||    11
    Use: Potion            |       |     2 |     1 |       |       |     1 |     4 |     4 |    16 ||    28
         Scroll            |       |       |       |    12 |     3 |     9 |    13 |     5 |    12 ||    54
   Stab: Sleeping          |     7 |     5 |     7 |     9 |    15 |    22 |     7 |     1 |    13 ||    86
         Paralysed         |       |     2 |     1 |       |       |     2 |       |     2 |     2 ||     9
         Petrified         |       |       |     1 |       |     5 |       |       |     1 |       ||     7
         Distracted        |       |       |       |     4 |     7 |     8 |     6 |     2 |     7 ||    34
         Confused          |       |       |       |     3 |     7 |     8 |     6 |     6 |     9 ||    39
         Invisible         |       |       |       |       |       |       |       |    12 |    15 ||    27
         Petrifying        |       |       |       |       |       |       |       |     1 |       ||     1
         Betrayed ally     |       |       |       |       |       |       |       |       |     1 ||     1
 Armour: Leather armour    |    69 |    93 |   201 |   231 |    30 |       |       |       |       ||   624
         Steam dragon scal |       |       |       |       |   191 |   209 |   149 |       |       ||   549
         Ice dragon scales |       |       |       |       |       |       |   280 |   330 |   946 ||  1556
         Skin              |       |       |       |       |       |       |       |       |     2 ||     2
  Dodge: Dodged            |   108 |   105 |   336 |   428 |   493 |   757 |   740 |   261 |   900 ||  4128
  Block: Buckler           |       |       |       |   113 |   731 |   740 |   746 |   167 |       ||  2497
         Reflection        |       |       |       |       |     2 |    66 |    59 |    78 |    43 ||   248
         Tower shield      |       |       |       |       |       |       |       |   717 |  2518 ||  3235
Riposte: Scimitar          |       |       |       |       |    62 |   282 |    15 |       |       ||   359
         Double sword      |       |       |       |       |       |    58 |   330 |   308 |   888 ||  1584

Table legend: (Time is in decaauts)
 A = Elapsed time spent in this place.
 B = Non-inter-level travel time spent in this place.
 C = Inter-level travel time spent in this place.
 D = Time resting spent in this place.
 E = Time spent auto-exploring this place.
 F = Levels seen in this place.
 G = Mean time per level.
                   A        B        C        D        E       F      G
               +--------+--------+--------+--------+--------+-----+--------+
         Total |  60232 |  54405 |   5827 |   6434 |  34496 |  66 |  912.6 |
       Dungeon |  16033 |  13404 |   2629 |   1215 |   9347 |  15 | 1068.9 |
          Lair |   6305 |   5505 |    800 |    321 |   3746 |   5 | 1261.0 |
         Swamp |   4139 |   3995 |    144 |    766 |   2427 |   4 | 1034.8 |
     Snake Pit |   4485 |   4229 |    256 |    318 |   2869 |   4 | 1121.2 |
    Slime Pits |    833 |    833 |      0 |    142 |    210 |   5 |  166.6 |
  Orcish Mines |   1684 |   1423 |    261 |      0 |   1099 |   2 |  842.0 |
   Elven Halls |   3602 |   3305 |    297 |    202 |   2345 |   3 | 1200.7 |
        Vaults |  10629 |  10013 |    616 |   1432 |   6418 |   5 | 2125.8 |
         Crypt |   5087 |   4769 |    318 |    973 |   2580 |   3 | 1695.7 |
        Depths |   4367 |   3951 |    416 |    396 |   2680 |   4 | 1091.8 |
          Hell |    761 |    691 |     70 |    173 |    198 |   1 |  761.0 |
       Cocytus |    166 |    166 |      0 |     80 |     24 |   1 |  166.0 |
           Zot |    641 |    627 |     14 |      0 |    274 |   1 |  641.0 |
      Ziggurat |    971 |    971 |      0 |    415 |     35 |  11 |   88.3 |
         Trove |     52 |     52 |      0 |      0 |      6 |   1 |   52.0 |
        Bailey |    471 |    471 |      0 |      0 |    235 |   1 |  471.0 |
               +--------+--------+--------+--------+--------+-----+--------+

Top non-repeatable levels by time:
Vaults:5: 2854 daAuts
Vaults:4: 2211 daAuts
 Crypt:3: 2098 daAuts
Vaults:3: 1928 daAuts
 Crypt:1: 1883 daAuts
Vaults:1: 1879 daAuts
Vaults:2: 1755 daAuts
    D:15: 1747 daAuts
 Snake:4: 1721 daAuts
  Lair:2: 1530 daAuts
     D:8: 1529 daAuts
 Swamp:4: 1514 daAuts
Depths:4: 1464 daAuts
    D:10: 1453 daAuts
     D:9: 1403 daAuts
